 Dungeon Crawl Stone Soup version 0.29.0-4-gdea44cf6ec (webtiles) character file.

Game seed: 4136278088719038517

423709 qw the Invulnerable (level 22, -5/333 (339) HPs)
             Began as a Minotaur Berserker on Sept 9, 2022.
             Was an Elder of Trog.
             Killed by the air
             ... invoked by a titan
              (20 damage)
             ... on level 5 of the Vaults.
             The game lasted 00:25:20 (59578 turns).

qw the Invulnerable (Minotaur Berserker)           Turns: 59578, Time: 00:25:21

HP:   -5/333 (339)  AC: 60    Str: 38    XL:     22   Next: 70%
MP:   21/21         EV: 15    Int: 10    God:    Trog [****..]
Gold: 2056          SH: 27    Dex: 11    Spells: 21/21 levels left

rFire   + + +      SeeInvis +   q - +9 war axe of the Burning Dragonfly {protect, rElec Str+3 SInv}
rCold   + . .      Faith    .   v - +1 tower shield {rN+}
rNeg    + . .      Spirit   .   b - +8 orange crystal plate armour {Archmagi, Int+3 Clar}
rPois   .          Reflect  +   w - +2 hat {Will+}
rElec   +          Harm     .   d - scarf {repulsion}
rCorr   .          Rampage  .   m - +2 pair of gloves
Will    ++++.      Archmagi +   e - +2 pair of boots of Hioshreuts {rF+ Str+3}
Stlth   .......... Clarity  +   B - amulet of reflection
HPRegen 1.65/turn               I - ring of Knowledge {rF+ rC+ EV+4}
MPRegen 0.17/turn               k - ring of the Mutiny {rF++ AC+4 Int+3}

@: berserking (expiring), lethally poisoned (-5 -> -20), strong-willed
(expiring), under a protective aura, regenerating (expiring), lightly drained,
repel missiles, very quick
A: horns 2, retaliatory headbutt
}: 2/15 runes: serpentine, barnacled
a: Renounce Religion, Berserk, Trog's Hand, Brothers in Arms


You were on level 5 of the Vaults.
You worshipped Trog.
Trog was greatly pleased with you.
You visited 7 branches of the dungeon, and saw 39 of its levels.
You also visited: Desolation.

You collected 7183 gold pieces.
You spent 5127 gold pieces at shops.


Innate Abilities, Weirdness & Mutations

You have a pair of horns on your head.
You reflexively headbutt those who attack you in melee.


   Skills:
 - Level 25.5 Fighting
 + Level 18.4 Axes
 - Level 11.0 Throwing
 O Level 27 Armour
 - Level 11.0 Dodging
 - Level 22.1 Shields


You had 21 spell levels left.
You didn't know any spells.
Your spell library was empty.

Inventory:

Hand Weapons
 q - the +9 war axe of the Burning Dragonfly (weapon) {protect, rElec Str+3 SInv}
   (You acquired it on level 4 of the Shoals)

   It grants its wielder temporary protection when it strikes (+7 to AC).
   Str:       It affects your strength (+3).
   rElec:     It insulates you from electricity.
   SInv:      It lets you see invisible.
Missiles
 o - 2 boomerangs (quivered)
Armour
 b - the +8 orange crystal plate armour (worn) {Archmagi, Int+3 Clar}
   (You acquired it on level 2 of the Dungeon)

   Int:       It affects your intelligence (+3).
   Clar:      It protects you against confusion.
 d - a scarf of repulsion (worn)
 e - the +2 pair of boots of Hioshreuts (worn) {rF+ Str+3}
   (You found it on level 4 of the Dungeon)

   Str:       It affects your strength (+3).
   rF:        It protects you from fire.
 l - a scarf of resistance
 m - a +2 pair of gloves (worn)
 n - the +5 kite shield "Kait" {rC+ Will+ Str+3}
   (You bought it in a shop on level 10 of the Dungeon)

   Str:       It affects your strength (+3).
   rC:        It protects you from cold.
   Will:      It increases your willpower.
 v - a +1 tower shield of positive energy (worn)
 w - a +2 hat of willpower (worn)
 y - a +0 cloak
 G - a +2 hat of see invisible
Jewellery
 k - the ring of the Mutiny (right hand) {rF++ AC+4 Int+3}
   (You found it in the Desolation of Salt)

   [ring of protection]

   AC:        It affects your AC (+4).
   Int:       It affects your intelligence (+3).
   rF:        It greatly protects you from fire.
 u - the amulet of the Priests {RegenMP Fly Str-2 Dex-2 SInv}
   (You found it in the Desolation of Salt)

   [amulet of magic regeneration]

   It increases your rate of magic regeneration.
   Str:       It affects your strength (-2).
   Dex:       It affects your dexterity (-2).
   SInv:      It lets you see invisible.
   Fly:       It grants you flight.
 B - an amulet of reflection (around neck)
 I - the ring of Knowledge (left hand) {rF+ rC+ EV+4}
   (You found it in the Desolation of Salt)

   [ring of evasion]

   EV:        It affects your evasion (+4).
   rF:        It protects you from fire.
   rC:        It protects you from cold.
Wands
 p - a wand of digging (2)
Scrolls
 c - 30 scrolls of identify
 g - 18 scrolls of teleportation
 r - 4 scrolls of enchant weapon
 t - 5 scrolls of enchant armour
 x - a scroll of brand weapon
Potions
 a - 15 potions of heal wounds
 f - 8 potions of mutation
 h - 11 potions of haste
 i - 22 potions of curing
 j - 2 potions of cancellation
 s - 6 potions of might

Dungeon Overview and Level Annotations

Branches:
Dungeon (15/15)            Temple (0/1) D:6            Lair (5/5) D:10
 Shoals (4/4) Lair:2        Snake (4/4) Lair:3        Slime (0/5) Lair:4
    Orc (2/2) D:10            Elf (0/3) Orc:2        Vaults (5/5) D:14
  Crypt (0/3) Vaults:3     Depths (4/4) D:15            Zot (0/5) Depths:4
Desolation (visited)

Altars:
Ashenzari
Dithmenos
Elyvilon
Fedhas
Gozag
Makhleb
Okawaru
Qazlal
Ru
Uskayaw
Vehumet
Wu Jian
Xom
The Shining One

Shops:
D:4 *[[(=   D:5 =   D:10 [   D:15 :   Orc:2 !!?[   Shoals:4 :(   Snake:1 =
Snake:3 =   Snake:4 [   Depths:1 *   Depths:4 ?*?(

Portals:
Hell: Depths:1 Depths:2 Depths:3 Depths:4
Abyss: Depths:3
Pandemonium: Depths:2 Depths:3
Ziggurat: Depths:3

Annotations:
D:6 2 transporters
Snake:1 2 runed translucent doors, Romunoh's ghost, adept SpBr
Vaults:4 1 runed translucent door, royokou's ghost, veteran MiFi
Depths:1 1 runed translucent door


Message History

The vault guard hits you but does no damage. x3
The shadow dragon bites you but does no damage.
The shadow dragon claws you but does no damage. x2
You slash the lich!
The lich is almost destroyed.
You slash the tengu reaver! You slice the shadow dragon!! You hit the titan.
You block the lich's attack.
You barely miss the lich. You headbutt the lich!
You destroy the lich!
Trog accepts your kill.
Trog appreciates your killing of a magic user.
You closely miss the tengu reaver. You slash the shadow dragon!
You slice the titan!! You block the hell knight's attack.
The tengu reaver barely misses you. You block the tengu reaver's attack.
The tengu reaver misses you. You block the titan's attack.
The vault warden hits you but does no damage.
The vault guard barely misses you. You block the vault guard's attack.
The vault guard barely misses you. The shadow dragon misses you.
You furiously retaliate!
You headbutt the shadow dragon.
The shadow dragon claws you but does no damage.
The shadow dragon misses you.
The vault guard hits you but does no damage.
You barely miss the tengu reaver. You headbutt the tengu reaver.
The tengu reaver is severely wounded.
You hit the shadow dragon. You slash the titan! You slice the titan!!
You block the hell knight's attack.
You closely miss the tengu reaver. You headbutt the tengu reaver!
The tengu reaver is almost dead.
You hit the titan. You slash the shadow dragon! You hit the titan.
The tengu reaver gestures at you while chanting.
The bolt of poison hits you but does no damage.
You are lethally poisoned!
You block the hell knight's attack.
The shadow dragon bites you but does no damage.
You block the shadow dragon's attack.
The shadow dragon claws you but does no damage.
The titan waves its arms in wide circles.
The air twists around and strikes you!!
You die...

.....#....# #.
....#....##..
....#....#..#
........)..#
#####........####
.........[.......
.......[ppp......
.......C))D.....^
.......pC@C......
#####..p))Q..####
#.....p..p#
#...#....##S#
....##....# .#
....# #....# .#
.... #....# .
#....#


You could see a shadow dragon, 2 titans, a frost giant, a vault warden (soul
bound), a tengu reaver (empowered), 4 vault guards, a hell knight (fast, soul
bound), an anaconda and a necromancer.

Vanquished Creatures
  Mennas (Depths:3)
  Boris (Depths:4)
  Saint Roka (Vaults:1)
  Vashnia (Snake:4)
  A caustic shrike (Depths:2)
  Nikola (Shoals:4)
  3 golden dragons
  A bone dragon (Depths:4)
  the Enchantress (Depths:1)
  3 tentacled monstrosities
  5 liches
  Mlioglotl (Shoals:4)
  3 walking earthen tomes
  3 titans (Vaults:5)
  A quicksilver dragon (Snake:4)
  Polyphemus (Shoals:4)
  A kraken (Shoals:2)
  3 sphinxes
  2 shadow dragons
  A tengu reaver (Vaults:1)
  A draconian knight (Depths:4)
  2 fire giants
  10 nagarajas
  A storm dragon (Depths:4)
  13 vault wardens
  A balrug (Depths:3)
  8 frost giants
  2 imperial myrmidons (Desolation)
  A ghost moth (shapeshifter) (D:14)
  A caustic shrike zombie (D:15)
  A draconian annihilator (Depths:4)
  16 ironbound preservers
  11 very ugly things
  3 war gargoyles
  13 stone giants
  3 ironbound thunderhulks
  4 vampire knights
  5 spriggan defenders
  A green draconian (Depths:4)
  12 dire elephants
  A red draconian (Depths:4)
  Azrael (D:12)
  2 spark wasps
  3 purple draconians (Depths:4)
  2 entropy weavers
  A yellow draconian (Depths:4)
  An eidolon (Vaults:3)
  A halazid warlock (Desolation)
  Snorg (D:11)
  4 great orbs of eyes
  7 fire dragons
  A deep elf death mage (Vaults:5)
  3 merfolk javelineers
  A fire dragon (shapeshifter) (Vaults:5)
  3 jiangshi (Depths:3)
  A deep elf high priest (Depths:4)
  7 ragged hierophants (Desolation)
  2 crystal guardians
  5 yaktaur captains
  7 ettins
  2 rakshasas
  7 servants of whispers (Desolation)
  10 merfolk impalers
  33 vault guards
  5 boulder beetles
  8 ice dragons
  Harold (D:11)
  3 merfolk avatars
  13 peacekeepers
  5 hydras
  6 centaur warriors (D:14)
  4 spriggan air magi
  8 ironbound frosthearts
  2 death knights (D:15)
  An ogre mage (Vaults:5)
  5 anacondas
  4 merfolk aquamancers (Shoals:4)
  13 naga warriors
  A deep troll shaman (Depths:3)
  5 two-headed ogres
  12 tengu warriors
  3 catoblepae
  A satyr (Shoals:2)
  A radroach (shapeshifter) (Vaults:4)
  A vampire mage (Depths:3)
  9 naga sharpshooters
  5 death yaks
  9 deep troll earth magi
  2 orc high priests
  4 shock serpents
  6 spriggan berserkers
  A sun demon (Depths:3)
  11 hell knights
  7 skeletal warriors
  3 iron trolls (Depths:1)
  A salamander mystic (Snake:3)
  3 glowing orange brains
  19 sea snakes
  48 deep trolls
  2 flayed ghosts
  19 ironbound convokers
  5 naga ritualists
  Pikel (D:4)
  5 wizards
  2 orc knights
  9 phantasmal warriors
  5 lindwurms
  2 deep elf pyromancers (D:15)
  3 necromancers
  21 harpies
  11 mana vipers
  38 ugly things
  A cyclops (shapeshifter) (Vaults:5)
  An orc sorcerer (Orc:1)
  4 fauns
  2 human zombies (Vaults:4)
  14 salamanders
  7 cyclopes
  9 merfolk sirens
  15 manticores
  A stone giant skeleton (D:15)
  30 elephants
  A rust devil (Depths:3)
  A molten gargoyle (Desolation)
  14 vault sentinels
  8 guardian serpents
  9 naga magi
  6 water nymphs
  40 black mambas
  A black mamba (shapeshifter) (D:14)
  An orange demon (Depths:2)
  7 cane toads
  10 kobold demonologists
  2 fire giant skeletons (D:15)
  A water nymph (shapeshifter) (Depths:4)
  4 rime drakes
  20 yaktaurs
  Maggie (D:6)
  4 ice devils
  An efreet (D:15)
  9 komodo dragons
  8 tengu conjurers
  A tormentor (Depths:2)
  5 freezing wraiths
  A guardian mummy (D:15)
  16 merfolk
  10 hornets
  A meliai (D:14)
  A meliai (shapeshifter) (D:15)
  68 saltlings (Desolation)
  A polar bear (shapeshifter) (D:13)
  4 polar bears
  A sphinx simulacrum (Vaults:3)
  10 trolls
  6 wind drakes
  9 blink frogs
  13 dream sheep
  37 slime creatures
  7 snapping turtles
  An ettin zombie (Vaults:4)
  A culicivora (Vaults:3)
  18 spriggans
  6 wraiths
  A jumping spider (Vaults:3)
  A human simulacrum (Vaults:4)
  An ettin skeleton (Vaults:4)
  A vampire (D:12)
  33 yaks
  A spriggan (shapeshifter) (Vaults:4)
  14 water elementals
  Eustachio (D:6)
  2 wyverns (Lair:5)
  3 fire elementals (D:12)
  A steam dragon (D:6)
  5 basilisks
  4 redbacks
  A neqoxec (Depths:2)
  6 vampire mosquitoes
  Grum (D:9)
  A chaos spawn (Depths:3)
  17 wargs
  2 acid dragons (D:12)
  27 nagas
  3 hell hounds
  17 water moccasins
  46 orc warriors
  A floating eye (Depths:4)
  3 ice beasts
  3 black bears
  9 ogres
  22 wolves
  An ogre (shapeshifter) (D:15)
  3 boggarts (Lair:5)
  20 centaurs
  5 phantoms
  Blork the orc (D:6)
  13 kobold brigands
  8 gnoll sergeants
  13 bullfrogs
  3 necrophages
  2 scorpions
  14 wights
  4 killer bees (D:9)
  14 howler monkeys
  6 gnoll boudas
  22 orc priests
  3 hounds
  3 jellies
  3 iguanas
  30 orc wizards
  15 gnolls
  6 adders
  A shadow imp (D:5)
  2 white imps
  2 ufetubi
  2 worms
  3 dart slugs
  86 orcs
  6 ball pythons
  9 endoplasms
  3 giant cockroaches (D:1)
  4 goblins
  2 hobgoblins (D:3)
  4 jackals (D:2)
  4 quokkas
  7 bats
  8 frilled lizards
  41 kobolds
  4 rats
  3 tentacles (Shoals:2)
1659 creatures vanquished.

Vanquished Creatures (collateral kills)
  Mara (Depths:1)
  A golden dragon (Depths:3)
  Asterion (Vaults:1)
  A quicksilver dragon (Snake:4)
  A sphinx (Depths:3)
  Roxanne (Shoals:1)
  2 ironbound preservers
  2 ironbound thunderhulks (Vaults:2)
  An entropy weaver (Vaults:3)
  A merfolk javelineer (Shoals:2)
  2 fire dragons (Depths:4)
  A ragged hierophant (Desolation)
  An ettin (Depths:2)
  A yaktaur captain (Vaults:1)
  2 hydras
  2 ironbound frosthearts (Vaults:2)
  A spriggan berserker (Depths:1)
  A tengu warrior (Depths:1)
  A wizard (Vaults:1)
  3 deep trolls
  4 orc knights
  An ugly thing (Vaults:1)
  A naga mage (Vaults:1)
  A vault sentinel (Vaults:2)
  A cane toad (Lair:5)
  A tengu conjurer (Depths:1)
  A merfolk (Shoals:1)
  A water elemental (Depths:4)
  A water moccasin (Lair:5)
  4 orc warriors (Orc:2)
  An ogre (Orc:2)
  2 centaurs (Orc:2)
  An orc (Orc:2)
47 creatures vanquished.

Vanquished Creatures (others)
  A fire giant (Depths:2)
  A skeletal warrior (D:14)
  2 wizards
  A manticore (Shoals:2)
  A spriggan (Depths:1)
  2 nagas
  A centaur (D:14)
  An orc priest (Vaults:5)
  An orc wizard (Orc:2)
  An orc (Vaults:5)
  88 fungi
  168 plants
  7 tentacles (Shoals:2)
  2 withered plants (D:15)
277 creatures vanquished.

Grand Total: 1983 creatures vanquished

Notes
Turn   | Place    | Note
-------+----------+-------------------------------------------
     0 | D:1      | qw the Minotaur Berserker began the quest for the Orb.
     0 | D:1      | Reached XP level 1. HP: 19/19 MP: 0/0
     0 | D:1      | 0 ||| qw: Version: 0.1-a-113-g051387a
     0 | D:1      | 0 ||| qw: Game counter: 7266
     0 | D:1      | 0 ||| qw: Always use a shield: true
     0 | D:1      | 0 ||| qw: Do Orc after D:15 true
     0 | D:1      | 0 ||| qw: Do second Lair branch before Depths: true
     0 | D:1      | 0 ||| qw: Lair rune preference: random
     0 | D:1      | 0 ||| qw: Plans: Normal
     0 | D:1      | 0 ||| PLANNING D:1-11
   511 | D:1      | Reached XP level 2. HP: 26/26 MP: 1/1
  1038 | D:1      | 1038 ||| UPGRADING to +0 plate armour.
  1048 | D:1      | 1048 ||| DROPPING +0 animal skin.
  1049 | D:1      | 1049 ||| UPGRADING to +1 pair of boots.
  1054 | D:1      | 1054 ||| READING scroll labelled ENITESUARU.
  1055 | D:1      | 1055 ||| READING 2 scrolls labelled AFERUZ DYSAGUQ.
  1056 | D:1      | 1056 ||| READING scroll labelled XOSOICWE BUJEZ.
  1057 | D:1      | 1057 ||| READING 3 scrolls labelled DAUTRO HOPPOUR.
  1058 | D:1      | 1058 ||| DROPPING scroll of fear.
  1059 | D:1      | 1059 ||| DROPPING 2 scrolls of vulnerability.
  1097 | D:2      | 1097 ||| STAIRDANCE
  1102 | D:2      | 1102 ||| STAIRDANCE
  1112 | D:1      | 1112 ||| INVOKING Berserk.
  1114 | D:1      | Reached XP level 3. HP: 17/31 MP: 2/2
  1118 | D:1      | HP: 7/31 [poisoned by an adder]
  1121 | D:1      | HP: 2/31 [poisoned by an adder]
  1398 | D:2      | 1398 ||| INVOKING Berserk.
  1404 | D:2      | 1404 ||| STAIRDANCE
  1546 | D:2      | 1546 ||| Stepping ~*~*~tactically~*~*~ (stealth).
  1641 | D:2      | Reached ** piety under Trog
  1652 | D:2      | 1652 ||| Stepping ~*~*~tactically~*~*~ (stealth).
  1928 | D:2      | Reached skill level 6 in Axes
  1928 | D:2      | Reached XP level 4. HP: 39/39 MP: 3/3
  1934 | D:2      | Found a faded altar of an unknown god.
  2054 | D:2      | 2054 ||| READING scroll labelled OSUYC LUTATWESK.
  2054 | D:2      | Identified a scroll of acquirement
  2054 | D:2      | 2054 ||| ACQUIRING +8 orange crystal plate armour
                  | {Archmagi, Int+3 Clar}
  2054 | D:2      | Acquired the +8 orange crystal plate armour {Archmagi,
                  | Int+3 Clar}
  2054 | D:2      | Found the +8 orange crystal plate armour {Archmagi, Int+3
                  | Clar}
  2056 | D:2      | 2056 ||| UPGRADING to +8 orange crystal plate armour
                  | {Archmagi, Int+3 Clar}.
  2066 | D:2      | 2066 ||| DROPPING +0 plate armour.
  2067 | D:2      | 2067 ||| READING 2 scrolls labelled ETSYDO UTIFEI.
  2068 | D:2      | 2068 ||| READING scroll labelled FUMONI FUT.
  2142 | D:3      | 2142 ||| Stepping ~*~*~tactically~*~*~ (hiding).
  2328 | D:3      | Reached skill level 3 in Armour
  2789 | D:3      | 2789 ||| READING scroll labelled FETITIPLEKIB.
  2790 | D:3      | 2790 ||| DRINKING 2 fuming black potions.
  2791 | D:3      | 2791 ||| READING 3 scrolls of identify.
  2791 | D:3      | 2791 ||| IDENTIFYING white potion
  2792 | D:3      | 2792 ||| READING 2 scrolls of identify.
  2792 | D:3      | 2792 ||| IDENTIFYING amethyst potion
  2859 | D:4      | Identified the +2 pair of boots of Hioshreuts {rF+ Str+3}
  2955 | D:4      | Noticed a phantom
  2963 | D:4      | Found Jujom's Antique Weapon Emporium.
  2970 | D:4      | Killed a phantom
  2971 | D:4      | Reached XP level 5. HP: 40/45 MP: 4/4
  3007 | D:4      | Found Wudwozxeth's Jewellery Shop.
  3009 | D:4      | 3009 ||| UPGRADING to +2 pair of boots of Hioshreuts {rF+
                  | Str+3}.
  3011 | D:4      | 3011 ||| Stepping ~*~*~tactically~*~*~ (stealth).
  3012 | D:4      | 3012 ||| UPGRADING to +2 pair of boots of Hioshreuts {rF+
                  | Str+3}.
  3063 | D:4      | 3063 ||| UPGRADING to +2 pair of boots of Hioshreuts {rF+
                  | Str+3}.
  3068 | D:4      | 3068 ||| DROPPING +1 pair of boots.
  3077 | D:4      | 3077 ||| SHOPLISTING +6 ring of dexterity (432 gold, have
                  | 141).
  3077 | D:4      | 3077 ||| SHOPLISTING amulet of guardian spirit (360 gold,
                  | have 141).
  3077 | D:4      | 3077 ||| SHOPLISTING amulet of reflection (360 gold, have
                  | 141).
  3077 | D:4      | 3077 ||| SHOPLISTING amulet of the acrobat (360 gold, have
                  | 141).
  3077 | D:4      | 3077 ||| DROPPING +0 mace.
  3095 | D:4      | 3095 ||| Stepping ~*~*~tactically~*~*~ (hiding).
  3225 | D:4      | Noticed Pikel
  3225 | D:4      | Noticed a lemure
  3225 | D:4      | Noticed a lemure
  3225 | D:4      | Noticed a lemure
  3226 | D:4      | 3226 ||| Stepping ~*~*~tactically~*~*~ (hiding).
  3226 | D:4      | Noticed a lemure
  3227 | D:4      | 3227 ||| Stepping ~*~*~tactically~*~*~ (stealth).
  3231 | D:4      | 3231 ||| INVOKING Berserk.
  3234 | D:4      | Killed Pikel
  3235 | D:4      | Reached skill level 8 in Armour
  3235 | D:4      | Reached XP level 6. HP: 51/51 MP: 5/5
  3235 | D:4      | Reached XP level 7. HP: 57/57 MP: 6/6
  3353 | D:4      | Found an opulent altar of Gozag.
  3385 | D:4      | 3385 ||| DROPPING scarf of shadows.
  3388 | D:4      | Found Nineneu's Antique Armour Shop.
  3405 | D:4      | 3405 ||| SHOPLISTING runed buckler (195 gold, have 169).
  3437 | D:4      | Found Kuox's Antique Armour Emporium.
  3464 | D:4      | Found Cilemauff's Assorted Antiques.
  3600 | D:4      | 3600 ||| UPGRADING to scarf of resistance.
  3743 | D:4      | 3743 ||| READING scroll labelled JOSUSUO OKEH.
  3748 | D:4      | 3748 ||| READING scroll labelled XADGHO YZXI.
  3749 | D:4      | 3749 ||| READING 2 scrolls of identify.
  3749 | D:4      | 3749 ||| IDENTIFYING fuming grey potion
  3827 | D:5      | Entered Level 5 of the Dungeon
  3873 | D:5      | 3873 ||| Stepping ~*~*~tactically~*~*~ (stealth).
  3875 | D:5      | 3875 ||| Stepping ~*~*~tactically~*~*~ (stealth).
  3880 | D:5      | 3880 ||| INVOKING Berserk.
  3903 | D:5      | Identified the +3 leather armour of Eternity {Str+5}
  3920 | D:5      | Reached *** piety under Trog
  4207 | D:5      | 4207 ||| Stepping ~*~*~tactically~*~*~ (hiding).
  4213 | D:5      | Reached XP level 8. HP: 65/66 MP: 7/7
  4259 | D:5      | Found Archydgh's Jewellery Shop.
  4267 | D:5      | 4267 ||| SHOPLISTING +4 ring of evasion (468 gold, have
                  | 255).
  4267 | D:5      | 4267 ||| SHOPLISTING amulet of regeneration (390 gold, have
                  | 255).
  4267 | D:5      | 4267 ||| SHOPLISTING ring of Meusis {Fire Contam rElec
                  | rPois Slay+4} (707 gold, have 255).
  4267 | D:5      | 4267 ||| SHOPLISTING ring of protection from cold (325
                  | gold, have 255).
  4267 | D:5      | 4267 ||| SHOPLISTING ring of protection from fire (325
                  | gold, have 255).
  4267 | D:5      | 4267 ||| SHOPLISTING ring of willpower (325 gold, have
                  | 255).
  4291 | D:5      | Found an iron altar of Okawaru.
  4399 | D:5      | 4399 ||| INVOKING Berserk.
  4402 | D:5      | Reached skill level 9 in Axes
  4550 | D:5      | 4550 ||| UPGRADING to ring of willpower.
  4551 | D:5      | 4551 ||| UPGRADING to ring of poison resistance.
  4552 | D:5      | 4552 ||| READING 3 scrolls of identify.
  4552 | D:5      | 4552 ||| IDENTIFYING sedimented white potion
  4553 | D:5      | 4553 ||| READING 2 scrolls of identify.
  4553 | D:5      | 4553 ||| IDENTIFYING bubbling coppery potion
  4554 | D:5      | 4554 ||| DROPPING potion of magic.
  4573 | D:4      | 4573 ||| BUYING scroll labelled FETEGEK FYE (21 gold).
  4573 | D:4      | Bought a scroll labelled FETEGEK FYE for 21 gold pieces
  4573 | D:4      | 4573 ||| BUYING yellow potion (18 gold).
  4573 | D:4      | Bought a yellow potion for 18 gold pieces
  4573 | D:4      | 4573 ||| READING scroll labelled FETEGEK FYE.
  4594 | D:6      | 4594 ||| STAIRDANCE
  4599 | D:6      | 4599 ||| STAIRDANCE
  4605 | D:6      | 4605 ||| STAIRDANCE
  4609 | D:6      | 4609 ||| STAIRDANCE
  4638 | D:6      | 4638 ||| STAIRDANCE
  4644 | D:6      | 4644 ||| STAIRDANCE
  4653 | D:6      | 4653 ||| STAIRDANCE
  4666 | D:6      | Found a transporter.
  4668 | D:6      | Noticed a gargoyle
  4670 | D:6      | Noticed a kobold demonologist
  4684 | D:6      | Found a transporter.
  4687 | D:6      | Found an ornate altar of the Wu Jian Council.
  4768 | D:6      | 4768 ||| Stepping ~*~*~tactically~*~*~ (stealth).
  4770 | D:6      | 4770 ||| Stepping ~*~*~tactically~*~*~ (hiding).
  4810 | D:6      | Reached skill level 6 in Fighting
  4980 | D:6      | 4980 ||| READING scroll of enchant weapon.
  4980 | D:6      | 4980 ||| ENCHANTING +1 hand axe.
  4981 | D:6      | Found a shadowy altar of Dithmenos.
  4981 | D:6      | Found a blossoming altar of Fedhas.
  4983 | D:6      | 4983 ||| UPGRADING to +0 pair of gloves.
  4989 | D:6      | 4989 ||| READING scroll of teleportation.
  5025 | D:6      | 5025 ||| Stepping ~*~*~tactically~*~*~ (hiding).
  5026 | D:6      | 5026 ||| Stepping ~*~*~tactically~*~*~ (hiding).
  5046 | D:6      | 5046 ||| INVOKING Berserk.
  5049 | D:6      | Reached XP level 9. HP: 39/71 MP: 8/8
  5122 | D:6      | Noticed Blork the orc
  5123 | D:6      | 5123 ||| FLEEEEING.
  5124 | D:6      | 5124 ||| FLEEEEING.
  5125 | D:6      | 5125 ||| FLEEEEING.
  5129 | D:6      | 5129 ||| INVOKING Berserk.
  5136 | D:6      | Killed Blork the orc
  5300 | D:6      | 5300 ||| Stepping ~*~*~tactically~*~*~ (stealth).
  5306 | D:6      | Noticed Maggie
  5307 | D:6      | 5307 ||| Stepping ~*~*~tactically~*~*~ (hiding).
  5327 | D:6      | Killed Maggie
  5328 | D:6      | Reached skill level 12 in Axes
  5447 | D:6      | 5447 ||| SWAPPING to +1 antimagic war axe.
  5448 | D:6      | 5448 ||| DROPPING +2 hand axe.
  5543 | D:6      | 5543 ||| Stepping ~*~*~tactically~*~*~ (hiding).
  5555 | D:6      | 5555 ||| Stepping ~*~*~tactically~*~*~ (stealth).
  5613 | D:6      | 5613 ||| Stepping randomly (stuck).
  5615 | D:6      | 5615 ||| Stepping randomly (stuck).
  5616 | D:6      | 5616 ||| Stepping randomly (stuck).
  5617 | D:6      | 5617 ||| Stepping randomly (stuck).
  5618 | D:6      | 5618 ||| Stepping randomly (stuck).
  5628 | D:6      | 5628 ||| Stepping ~*~*~tactically~*~*~ (stealth).
  5680 | D:6      | Noticed Eustachio
  5681 | D:6      | 5681 ||| Stepping ~*~*~tactically~*~*~ (stealth).
  5683 | D:6      | 5683 ||| Stepping ~*~*~tactically~*~*~ (stealth).
  5685 | D:6      | 5685 ||| Stepping ~*~*~tactically~*~*~ (stealth).
  5697 | D:6      | 5697 ||| INVOKING Berserk.
  5702 | D:6      | Killed Eustachio
  5866 | D:6      | Found a staircase to the Ecumenical Temple.
  5871 | D:6      | 5871 ||| Stepping ~*~*~tactically~*~*~ (stealth).
  5875 | D:6      | 5875 ||| INVOKING Berserk.
  6101 | D:7      | 6101 ||| STAIRDANCE
  6103 | D:6      | 6103 ||| INVOKING Berserk.
  6215 | D:7      | 6215 ||| INVOKING Berserk.
  6221 | D:7      | 6221 ||| STAIRDANCE
  6344 | D:7      | Noticed a +0 hand axe
  6345 | D:7      | Noticed a +0 hand axe
  6349 | D:7      | Found a hide-covered altar of Uskayaw.
  6403 | D:7      | Found a sacrificial altar of Ru.
  6417 | D:7      | Identified the +9 spear "Ritumem" {venom, Contam *Noise
                  | rN+++ SInv}
  6609 | D:7      | 6609 ||| DROPPING +0 flail.
  6643 | D:7      | 6643 ||| Stepping ~*~*~tactically~*~*~ (hiding).
  6665 | D:7      | 6665 ||| READING scroll of acquirement.
  6665 | D:7      | 6665 ||| ACQUIRING 315 gold pieces
  6665 | D:7      | Acquired 315 gold pieces
  6669 | D:7      | 6669 ||| Stepping ~*~*~tactically~*~*~ (stealth).
  6722 | D:7      | 6722 ||| Stepping ~*~*~tactically~*~*~ (hiding).
  6724 | D:7      | 6724 ||| INVOKING Berserk.
  6738 | D:7      | Reached skill level 9 in Armour
  6905 | D:7      | 6905 ||| Stepping ~*~*~tactically~*~*~ (stealth).
  6920 | D:7      | 6920 ||| Stepping ~*~*~tactically~*~*~ (stealth).
  6925 | D:7      | 6925 ||| INVOKING Berserk.
  7123 | D:7      | Found a burning altar of Makhleb.
  7217 | D:7      | 7217 ||| UPGRADING to +6 ring of strength.
  7219 | D:7      | 7219 ||| READING scroll labelled BOLIRA WIGEULU.
  7220 | D:7      | 7220 ||| READING scroll labelled FUEM KYOLLO.
  7221 | D:7      | 7221 ||| DRINKING 3 yellow potions.
  7222 | D:7      | 7222 ||| DROPPING 2 potions of brilliance.
  7241 | D:8      | 7241 ||| STAIRDANCE
  7244 | D:7      | Reached **** piety under Trog
  7257 | D:8      | 7257 ||| STAIRDANCE
  7279 | D:8      | 7279 ||| STAIRDANCE
  7329 | D:8      | 7329 ||| STAIRDANCE
  7333 | D:7      | Reached XP level 10. HP: 83/88 MP: 3/9
  7363 | D:8      | 7363 ||| STAIRDANCE
  7373 | D:8      | Reached skill level 1 in Throwing
  7494 | D:8      | 7494 ||| INVOKING Berserk.
  7766 | D:8      | 7766 ||| Stepping ~*~*~tactically~*~*~ (hiding).
  7824 | D:8      | 7824 ||| Stepping ~*~*~tactically~*~*~ (stealth).
  8446 | D:8      | 8446 ||| DRINKING 2 sedimented black potions.
  8447 | D:8      | 8447 ||| READING 4 scrolls of identify.
  8447 | D:8      | 8447 ||| IDENTIFYING murky clear potion
  8448 | D:8      | 8448 ||| DROPPING potion of berserk rage.
  8486 | D:9      | 8486 ||| STAIRDANCE
  8533 | D:9      | 8533 ||| STAIRDANCE
  8561 | D:9      | 8561 ||| STAIRDANCE
  8566 | D:9      | 8566 ||| STAIRDANCE
  8574 | D:9      | 8574 ||| STAIRDANCE
  8576 | D:8      | 8576 ||| INVOKING Berserk.
  8700 | D:9      | 8700 ||| STAIRDANCE
  8770 | D:9      | Noticed Grum
  8776 | D:9      | 8776 ||| INVOKING Berserk.
  8778 | D:9      | Noticed a two-headed ogre
  8783 | D:9      | Killed Grum
  8788 | D:9      | Killed a two-headed ogre
  8789 | D:9      | Reached skill level 15 in Axes
  8941 | D:9      | Found a white marble altar of Elyvilon.
  8947 | D:9      | Reached skill level 9 in Fighting
  8980 | D:9      | Found a glowing golden altar of the Shining One.
  9008 | D:9      | Noticed a sun demon
  9014 | D:9      | Noticed an orange demon
  9017 | D:9      | Noticed an orange demon
  9026 | D:9      | 9026 ||| INVOKING Berserk.
  9031 | D:9      | Reached skill level 10 in Armour
  9315 | D:9      | 9315 ||| Stepping ~*~*~tactically~*~*~ (hiding).
  9329 | D:9      | Reached skill level 3 in Dodging
  9510 | D:9      | Found a stormy altar of Qazlal.
  9515 | D:9      | 9515 ||| READING scroll of enchant armour.
  9515 | D:9      | 9515 ||| ENCHANTING +0 pair of gloves.
  9575 | D:9      | Found a shimmering altar of Xom.
  9581 | D:9      | 9581 ||| READING scroll labelled PEIKLOTHIT.
  9635 | D:9      | 9635 ||| READING 3 scrolls of identify.
  9635 | D:9      | 9635 ||| IDENTIFYING sedimented green potion
  9636 | D:9      | 9636 ||| READING 2 scrolls of identify.
  9636 | D:9      | 9636 ||| IDENTIFYING bubbling white potion
  9637 | D:9      | 9637 ||| DROPPING potion of lignification.
  9638 | D:9      | 9638 ||| DROPPING potion of degeneration.
  9656 | D:10     | Entered Level 10 of the Dungeon
  9688 | D:10     | Found a staircase to the Orcish Mines.
  9694 | D:10     | 9694 ||| INVOKING Berserk.
  9701 | D:10     | Reached XP level 11. HP: 97/97 MP: 10/10
  9702 | D:10     | Reached ***** piety under Trog
  9856 | D:10     | Found Vumauh's Armour Emporium.
  9862 | D:10     | 9862 ||| BUYING +5 kite shield "Kait" {rC+ Will+ Str+3}
                  | (664 gold).
  9862 | D:10     | Bought the +5 kite shield "Kait" {rC+ Will+ Str+3} for 664
                  | gold pieces
  9923 | D:10     | 9923 ||| INVOKING Berserk.
  9974 | D:10     | 9974 ||| Stepping ~*~*~tactically~*~*~ (stealth).
  9982 | D:10     | 9982 ||| INVOKING Berserk.
  9998 | D:10     | 9998 ||| Stepping ~*~*~tactically~*~*~ (stealth).
 10054 | D:10     | 10054 ||| Stepping ~*~*~tactically~*~*~ (stealth).
 10077 | D:10     | 10077 ||| Stepping ~*~*~tactically~*~*~ (stealth).
 10080 | D:10     | 10080 ||| Stepping ~*~*~tactically~*~*~ (stealth).
 10115 | D:10     | Received a gift from Trog
 10153 | D:10     | Found a staircase to the Lair.
 10298 | D:10     | 10298 ||| Stepping ~*~*~tactically~*~*~ (stealth).
 10299 | D:10     | 10299 ||| Stepping ~*~*~tactically~*~*~ (stealth).
 10391 | D:10     | Noticed a lindwurm
 10394 | D:10     | Noticed a lindwurm
 10404 | D:10     | Noticed a lindwurm
 10405 | D:10     | Noticed a lindwurm
 10411 | D:10     | 10411 ||| FLEEEEING.
 10412 | D:10     | 10412 ||| FLEEEEING.
 10413 | D:10     | 10413 ||| FLEEEEING.
 10414 | D:10     | 10414 ||| FLEEEEING.
 10415 | D:10     | 10415 ||| FLEEEEING.
 10416 | D:10     | 10416 ||| FLEEEEING.
 10417 | D:10     | 10417 ||| FLEEEEING.
 10418 | D:10     | 10418 ||| FLEEEEING.
 10421 | D:10     | 10421 ||| FLEEEEING.
 10422 | D:10     | 10422 ||| FLEEEEING.
 10423 | D:10     | 10423 ||| FLEEEEING.
 10424 | D:10     | 10424 ||| FLEEEEING.
 10425 | D:10     | 10425 ||| FLEEEEING.
 10426 | D:10     | 10426 ||| FLEEEEING.
 10427 | D:10     | 10427 ||| STAIRDANCE
 10529 | D:9      | 10529 ||| UPGRADING to +0 buckler.
 10534 | D:9      | 10534 ||| UPGRADING to +5 kite shield "Kait" {rC+ Will+
                  | Str+3}.
 10544 | D:9      | 10544 ||| DROPPING +0 buckler.
 10545 | D:9      | 10545 ||| READING scroll labelled NOWOIMNYROW.
 10653 | D:10     | 10653 ||| FLEEEEING.
 10654 | D:10     | 10654 ||| FLEEEEING.
 10657 | D:10     | 10657 ||| FLEEEEING.
 10658 | D:10     | 10658 ||| FLEEEEING.
 10659 | D:10     | 10659 ||| FLEEEEING.
 10660 | D:10     | 10660 ||| STAIRDANCE
 10746 | D:10     | 10746 ||| FLEEEEING.
 10747 | D:10     | 10747 ||| FLEEEEING.
 10748 | D:10     | 10748 ||| FLEEEEING.
 10749 | D:10     | 10749 ||| FLEEEEING.
 10756 | D:10     | 10756 ||| FLEEEEING.
 10757 | D:10     | 10757 ||| FLEEEEING.
 10758 | D:10     | 10758 ||| FLEEEEING.
 10759 | D:10     | 10759 ||| FLEEEEING.
 10761 | D:10     | 10761 ||| FLEEEEING.
 10762 | D:10     | 10762 ||| FLEEEEING.
 10763 | D:10     | 10763 ||| FLEEEEING.
 10764 | D:10     | 10764 ||| FLEEEEING.
 10765 | D:10     | 10765 ||| FLEEEEING.
 10766 | D:10     | 10766 ||| FLEEEEING.
 10767 | D:10     | 10767 ||| FLEEEEING.
 10768 | D:10     | 10768 ||| FLEEEEING.
 10769 | D:10     | 10769 ||| FLEEEEING.
 10770 | D:10     | 10770 ||| STAIRDANCE
 10925 | D:10     | 10925 ||| PLANNING LAIR
 10934 | D:10     | 10934 ||| FLEEEEING.
 10935 | D:10     | 10935 ||| FLEEEEING.
 10936 | D:10     | 10936 ||| FLEEEEING.
 10938 | D:10     | 10938 ||| FLEEEEING.
 10939 | D:10     | 10939 ||| FLEEEEING.
 10940 | D:10     | 10940 ||| FLEEEEING.
 10941 | D:10     | 10941 ||| FLEEEEING.
 10942 | D:10     | 10942 ||| STAIRDANCE
 10994 | D:10     | 10994 ||| FLEEEEING.
 10995 | D:10     | 10995 ||| FLEEEEING.
 10997 | D:10     | 10997 ||| FLEEEEING.
 10999 | D:10     | 10999 ||| FLEEEEING.
 11000 | D:10     | 11000 ||| FLEEEEING.
 11001 | D:10     | 11001 ||| FLEEEEING.
 11002 | D:10     | 11002 ||| FLEEEEING.
 11003 | D:10     | 11003 ||| FLEEEEING.
 11004 | D:10     | 11004 ||| STAIRDANCE
 11070 | D:10     | 11070 ||| FLEEEEING.
 11071 | D:10     | 11071 ||| FLEEEEING.
 11072 | D:10     | 11072 ||| FLEEEEING.
 11074 | D:10     | 11074 ||| FLEEEEING.
 11075 | D:10     | 11075 ||| FLEEEEING.
 11076 | D:10     | 11076 ||| FLEEEEING.
 11077 | D:10     | 11077 ||| FLEEEEING.
 11078 | D:10     | 11078 ||| FLEEEEING.
 11081 | D:10     | 11081 ||| STAIRDANCE
 11275 | D:10     | 11275 ||| FLEEEEING.
 11276 | D:10     | 11276 ||| FLEEEEING.
 11277 | D:10     | 11277 ||| FLEEEEING.
 11278 | D:10     | 11278 ||| FLEEEEING.
 11279 | D:10     | 11279 ||| FLEEEEING.
 11281 | D:10     | 11281 ||| FLEEEEING.
 11282 | D:10     | 11282 ||| FLEEEEING.
 11283 | D:10     | 11283 ||| FLEEEEING.
 11284 | D:10     | 11284 ||| FLEEEEING.
 11285 | D:10     | 11285 ||| STAIRDANCE
 11435 | D:10     | 11435 ||| FLEEEEING.
 11436 | D:10     | 11436 ||| FLEEEEING.
 11437 | D:10     | 11437 ||| FLEEEEING.
 11438 | D:10     | 11438 ||| FLEEEEING.
 11439 | D:10     | 11439 ||| FLEEEEING.
 11440 | D:10     | 11440 ||| FLEEEEING.
 11443 | D:10     | 11443 ||| FLEEEEING.
 11444 | D:10     | 11444 ||| STAIRDANCE
 11514 | D:10     | 11514 ||| FLEEEEING.
 11515 | D:10     | 11515 ||| FLEEEEING.
 11516 | D:10     | 11516 ||| FLEEEEING.
 11519 | D:10     | 11519 ||| FLEEEEING.
 11520 | D:10     | 11520 ||| FLEEEEING.
 11521 | D:10     | 11521 ||| FLEEEEING.
 11522 | D:10     | 11522 ||| FLEEEEING.
 11523 | D:10     | 11523 ||| FLEEEEING.
 11524 | D:10     | 11524 ||| STAIRDANCE
 11601 | D:10     | 11601 ||| FLEEEEING.
 11602 | D:10     | 11602 ||| FLEEEEING.
 11603 | D:10     | 11603 ||| FLEEEEING.
 11604 | D:10     | 11604 ||| FLEEEEING.
 11605 | D:10     | 11605 ||| FLEEEEING.
 11606 | D:10     | 11606 ||| FLEEEEING.
 11607 | D:10     | 11607 ||| FLEEEEING.
 11608 | D:10     | 11608 ||| FLEEEEING.
 11609 | D:10     | 11609 ||| STAIRDANCE
 11708 | D:10     | 11708 ||| FLEEEEING.
 11709 | D:10     | 11709 ||| FLEEEEING.
 11710 | D:10     | 11710 ||| FLEEEEING.
 11711 | D:10     | 11711 ||| FLEEEEING.
 11712 | D:10     | 11712 ||| FLEEEEING.
 11713 | D:10     | 11713 ||| FLEEEEING.
 11714 | D:10     | 11714 ||| FLEEEEING.
 11715 | D:10     | 11715 ||| FLEEEEING.
 11716 | D:10     | 11716 ||| FLEEEEING.
 11717 | D:10     | 11717 ||| STAIRDANCE
 11806 | D:10     | 11806 ||| FLEEEEING.
 11807 | D:10     | 11807 ||| FLEEEEING.
 11809 | D:10     | 11809 ||| FLEEEEING.
 11811 | D:10     | 11811 ||| FLEEEEING.
 11812 | D:10     | 11812 ||| FLEEEEING.
 11813 | D:10     | 11813 ||| FLEEEEING.
 11814 | D:10     | 11814 ||| STAIRDANCE
 11863 | D:10     | 11863 ||| FLEEEEING.
 11864 | D:10     | 11864 ||| FLEEEEING.
 11865 | D:10     | 11865 ||| FLEEEEING.
 11866 | D:10     | 11866 ||| FLEEEEING.
 11867 | D:10     | 11867 ||| FLEEEEING.
 11868 | D:10     | 11868 ||| FLEEEEING.
 11869 | D:10     | 11869 ||| FLEEEEING.
 11870 | D:10     | 11870 ||| FLEEEEING.
 11871 | D:10     | 11871 ||| STAIRDANCE
 11964 | D:10     | 11964 ||| FLEEEEING.
 11965 | D:10     | 11965 ||| FLEEEEING.
 11966 | D:10     | 11966 ||| FLEEEEING.
 11967 | D:10     | 11967 ||| FLEEEEING.
 11969 | D:10     | 11969 ||| FLEEEEING.
 11970 | D:10     | 11970 ||| FLEEEEING.
 11971 | D:10     | 11971 ||| FLEEEEING.
 11972 | D:10     | 11972 ||| STAIRDANCE
 12083 | D:10     | 12083 ||| FLEEEEING.
 12084 | D:10     | 12084 ||| FLEEEEING.
 12085 | D:10     | 12085 ||| FLEEEEING.
 12086 | D:10     | 12086 ||| FLEEEEING.
 12091 | D:10     | 12091 ||| STAIRDANCE
 12161 | D:10     | 12161 ||| FLEEEEING.
 12162 | D:10     | 12162 ||| FLEEEEING.
 12163 | D:10     | 12163 ||| FLEEEEING.
 12164 | D:10     | 12164 ||| FLEEEEING.
 12165 | D:10     | 12165 ||| FLEEEEING.
 12167 | D:10     | 12167 ||| FLEEEEING.
 12168 | D:10     | 12168 ||| FLEEEEING.
 12169 | D:10     | 12169 ||| FLEEEEING.
 12170 | D:10     | 12170 ||| FLEEEEING.
 12171 | D:10     | 12171 ||| FLEEEEING.
 12172 | D:10     | 12172 ||| FLEEEEING.
 12173 | D:10     | 12173 ||| FLEEEEING.
 12175 | D:10     | 12175 ||| FLEEEEING.
 12176 | D:10     | 12176 ||| STAIRDANCE
 12389 | D:10     | 12389 ||| FLEEEEING.
 12390 | D:10     | 12390 ||| FLEEEEING.
 12391 | D:10     | 12391 ||| FLEEEEING.
 12392 | D:10     | 12392 ||| FLEEEEING.
 12393 | D:10     | 12393 ||| FLEEEEING.
 12394 | D:10     | 12394 ||| FLEEEEING.
 12395 | D:10     | 12395 ||| FLEEEEING.
 12396 | D:10     | 12396 ||| FLEEEEING.
 12397 | D:10     | 12397 ||| FLEEEEING.
 12399 | D:10     | 12399 ||| STAIRDANCE
 12541 | D:10     | 12541 ||| FLEEEEING.
 12543 | D:10     | 12543 ||| FLEEEEING.
 12544 | D:10     | 12544 ||| FLEEEEING.
 12545 | D:10     | 12545 ||| FLEEEEING.
 12546 | D:10     | 12546 ||| FLEEEEING.
 12547 | D:10     | 12547 ||| FLEEEEING.
 12548 | D:10     | 12548 ||| FLEEEEING.
 12549 | D:10     | 12549 ||| FLEEEEING.
 12550 | D:10     | 12550 ||| STAIRDANCE
 12721 | Lair:1   | Entered Level 1 of the Lair of Beasts
 12761 | Lair:1   | Reached skill level 3 in Shields
 12824 | Lair:1   | Found a frozen archway.
 12849 | Lair:1   | 12849 ||| Stepping ~*~*~tactically~*~*~ (stealth).
 12854 | Lair:1   | 12854 ||| INVOKING Berserk.
 12856 | Lair:1   | Reached skill level 6 in Shields
 13057 | Lair:1   | 13057 ||| READING scroll of enchant weapon.
 13057 | Lair:1   | 13057 ||| ENCHANTING +1 war axe of freezing.
 13072 | Lair:1   | 13072 ||| Stepping ~*~*~tactically~*~*~ (stealth).
 13093 | Lair:1   | 13093 ||| Stepping ~*~*~tactically~*~*~ (stealth).
 13141 | Lair:1   | 13141 ||| Stepping ~*~*~tactically~*~*~ (stealth).
 13143 | Lair:1   | 13143 ||| INVOKING Berserk.
 13303 | Lair:1   | 13303 ||| INVOKING Berserk.
 13310 | Lair:1   | Reached skill level 9 in Shields
 13341 | Lair:1   | Reached XP level 12. HP: 69/106 MP: 11/11
 13607 | Lair:1   | 13607 ||| READING scroll of enchant weapon.
 13607 | Lair:1   | 13607 ||| ENCHANTING +2 war axe of freezing.
 13708 | Lair:1   | 13708 ||| Stepping ~*~*~tactically~*~*~ (hiding).
 14517 | Lair:2   | 14517 ||| STAIRDANCE
 14603 | Lair:2   | 14603 ||| STAIRDANCE
 14659 | Lair:2   | 14659 ||| READING scroll of enchant weapon.
 14659 | Lair:2   | 14659 ||| ENCHANTING +3 war axe of freezing.
 14666 | Lair:2   | Identified the +0 chain mail of the Quick God {rF+ rC+
                  | Will- Dex+3}
 14700 | Lair:2   | 14700 ||| Stepping ~*~*~tactically~*~*~ (stealth).
 14701 | Lair:2   | 14701 ||| Stepping ~*~*~tactically~*~*~ (stealth).
 14702 | Lair:2   | 14702 ||| Stepping ~*~*~tactically~*~*~ (stealth).
 14709 | Lair:2   | Reached skill level 11 in Armour
 14782 | Lair:2   | Found a staircase to the Shoals.
 14786 | Lair:2   | 14786 ||| INVOKING Berserk.
 14791 | Lair:2   | Reached skill level 12 in Armour
 14925 | Lair:2   | Noticed a five-headed hydra
 14926 | Lair:2   | 14926 ||| Stepping ~*~*~tactically~*~*~ (stealth).
 14928 | Lair:2   | 14928 ||| INVOKING Brothers in Arms.
 14929 | Lair:2   | 14929 ||| INVOKING Brothers in Arms.
 14931 | Lair:2   | 14931 ||| SWAPPING to +1 vampiric demon whip.
 14932 | Lair:2   | 14932 ||| INVOKING Berserk.
 14935 | Lair:2   | Killed a five-headed hydra
 14940 | Lair:2   | 14940 ||| SWAPPING to +4 war axe of freezing.
 14964 | Lair:2   | 14964 ||| FLEEEEING.
 14965 | Lair:2   | 14965 ||| FLEEEEING.
 14966 | Lair:2   | 14966 ||| FLEEEEING.
 14967 | Lair:2   | 14967 ||| FLEEEEING.
 14970 | Lair:2   | 14970 ||| FLEEEEING.
 14971 | Lair:2   | 14971 ||| FLEEEEING.
 14972 | Lair:2   | 14972 ||| FLEEEEING.
 14973 | Lair:2   | 14973 ||| FLEEEEING.
 15122 | Lair:2   | Reached skill level 12 in Shields
 15127 | Lair:2   | 15127 ||| READING scroll of enchant armour.
 15127 | Lair:2   | 15127 ||| ENCHANTING +1 pair of gloves.
 15323 | Lair:2   | 15323 ||| INVOKING Berserk.
 15468 | Lair:2   | 15468 ||| Stepping ~*~*~tactically~*~*~ (stealth).
 15470 | Lair:2   | 15470 ||| Stepping ~*~*~tactically~*~*~ (stealth).
 15472 | Lair:2   | 15472 ||| Stepping ~*~*~tactically~*~*~ (stealth).
 15473 | Lair:2   | 15473 ||| Stepping ~*~*~tactically~*~*~ (stealth).
 15933 | Lair:2   | 15933 ||| UPGRADING to scarf of repulsion.
 15961 | Lair:3   | 15961 ||| READING scroll of acquirement.
 15961 | Lair:3   | 15961 ||| ACQUIRING 927 gold pieces
 15961 | Lair:3   | Acquired 927 gold pieces
 16030 | Lair:3   | Reached skill level 13 in Armour
 16270 | Lair:3   | 16270 ||| FLEEEEING.
 16271 | Lair:3   | 16271 ||| FLEEEEING.
 16285 | Lair:3   | Reached XP level 13. HP: 115/117 MP: 12/12
 16287 | Lair:3   | 16287 ||| FLEEEEING.
 16288 | Lair:3   | 16288 ||| FLEEEEING.
 16289 | Lair:3   | 16289 ||| FLEEEEING.
 16290 | Lair:3   | 16290 ||| FLEEEEING.
 16291 | Lair:3   | 16291 ||| FLEEEEING.
 16292 | Lair:3   | 16292 ||| FLEEEEING.
 16293 | Lair:3   | 16293 ||| FLEEEEING.
 16294 | Lair:3   | 16294 ||| FLEEEEING.
 16295 | Lair:3   | 16295 ||| FLEEEEING.
 16296 | Lair:3   | 16296 ||| FLEEEEING.
 16297 | Lair:3   | 16297 ||| FLEEEEING.
 16298 | Lair:3   | 16298 ||| FLEEEEING.
 16299 | Lair:3   | 16299 ||| FLEEEEING.
 16307 | Lair:3   | 16307 ||| INVOKING Berserk.
 16313 | Lair:3   | Reached skill level 12 in Fighting
 16492 | Lair:3   | Found a staircase to the Snake Pit.
 16836 | Lair:4   | Found a staircase to the Slime Pits.
 16885 | Lair:4   | 16885 ||| Stepping ~*~*~tactically~*~*~ (stealth).
 16893 | Lair:4   | 16893 ||| Stepping ~*~*~tactically~*~*~ (stealth).
 17025 | Lair:4   | 17025 ||| INVOKING Berserk.
 17210 | Lair:4   | 17210 ||| READING scroll of enchant weapon.
 17210 | Lair:4   | 17210 ||| ENCHANTING +4 war axe of freezing.
 17297 | Lair:4   | 17297 ||| Stepping ~*~*~tactically~*~*~ (hiding).
 17465 | Lair:4   | 17465 ||| Stepping ~*~*~tactically~*~*~ (stealth).
 17492 | Lair:4   | 17492 ||| Stepping ~*~*~tactically~*~*~ (stealth).
 17502 | Lair:4   | 17502 ||| Stepping ~*~*~tactically~*~*~ (stealth).
 17503 | Lair:4   | 17503 ||| Stepping ~*~*~tactically~*~*~ (stealth).
 17509 | Lair:4   | 17509 ||| Stepping ~*~*~tactically~*~*~ (hiding).
 17510 | Lair:4   | 17510 ||| Stepping ~*~*~tactically~*~*~ (hiding).
 17655 | Lair:4   | 17655 ||| READING scroll labelled OCLYMY KEOLI.
 17855 | Lair:4   | 17855 ||| READING 7 scrolls of identify.
 17855 | Lair:4   | 17855 ||| IDENTIFYING fizzy emerald potion
 17856 | Lair:4   | 17856 ||| DROPPING potion of flight.
 17872 | Lair:5   | Entered Level 5 of the Lair of Beasts
 17915 | Lair:5   | 17915 ||| INVOKING Berserk.
 18073 | Lair:5   | 18073 ||| Stepping ~*~*~tactically~*~*~ (stealth).
 18074 | Lair:5   | 18074 ||| INVOKING Berserk.
 18137 | Lair:5   | 18137 ||| INVOKING Berserk.
 18166 | Lair:5   | 18166 ||| Stepping ~*~*~tactically~*~*~ (stealth).
 18177 | Lair:5   | Reached skill level 14 in Armour
 18188 | Lair:5   | 18188 ||| Stepping ~*~*~tactically~*~*~ (stealth).
 18202 | Lair:5   | 18202 ||| Stepping ~*~*~tactically~*~*~ (stealth).
 18222 | Lair:5   | 18222 ||| Stepping ~*~*~tactically~*~*~ (stealth).
 18248 | Lair:5   | 18248 ||| INVOKING Berserk.
 18303 | Lair:5   | 18303 ||| Stepping ~*~*~tactically~*~*~ (stealth).
 18311 | Lair:5   | 18311 ||| Stepping ~*~*~tactically~*~*~ (stealth).
 18321 | Lair:5   | 18321 ||| DROPPING +0 vorpal war axe.
 18338 | Lair:5   | 18338 ||| Stepping ~*~*~tactically~*~*~ (stealth).
 18346 | Lair:5   | 18346 ||| INVOKING Berserk.
 18489 | Lair:5   | 18489 ||| INVOKING Berserk.
 18604 | Lair:5   | 18604 ||| INVOKING Berserk.
 18791 | Lair:5   | 18791 ||| Stepping ~*~*~tactically~*~*~ (stealth).
 18816 | Lair:5   | Reached skill level 15 in Armour
 18853 | Lair:5   | 18853 ||| Stepping ~*~*~tactically~*~*~ (stealth).
 18855 | Lair:5   | 18855 ||| Stepping ~*~*~tactically~*~*~ (stealth).
 18864 | Lair:5   | 18864 ||| Stepping ~*~*~tactically~*~*~ (hiding).
 18887 | Lair:5   | Reached skill level 3 in Throwing
 18906 | Lair:5   | 18906 ||| Stepping ~*~*~tactically~*~*~ (stealth).
 18907 | Lair:5   | 18907 ||| Stepping ~*~*~tactically~*~*~ (stealth).
 18915 | Lair:5   | 18915 ||| Stepping ~*~*~tactically~*~*~ (stealth).
 18954 | Lair:5   | 18954 ||| Stepping ~*~*~tactically~*~*~ (stealth).
 18955 | Lair:5   | 18955 ||| INVOKING Brothers in Arms.
 18958 | Lair:5   | 18958 ||| INVOKING Brothers in Arms.
 18959 | Lair:5   | 18959 ||| SWAPPING to +1 vampiric demon whip.
 18960 | Lair:5   | 18960 ||| INVOKING Berserk.
 18976 | Lair:5   | 18976 ||| SWAPPING to +5 war axe of freezing.
 18977 | Lair:5   | 18977 ||| Stepping ~*~*~tactically~*~*~ (cloud).
 18978 | Lair:5   | 18978 ||| Stepping ~*~*~tactically~*~*~ (cloud).
 18979 | Lair:5   | 18979 ||| Stepping ~*~*~tactically~*~*~ (cloud).
 18981 | Lair:5   | 18981 ||| Stepping ~*~*~tactically~*~*~ (cloud).
 18986 | Lair:5   | 18986 ||| Stepping ~*~*~tactically~*~*~ (cloud).
 18993 | Lair:5   | Reached XP level 14. HP: 53/129 MP: 13/13
 19002 | Lair:5   | 19002 ||| INVOKING Brothers in Arms.
 19126 | Lair:5   | 19126 ||| FLEEEEING.
 19805 | Lair:5   | 19805 ||| PLANNING D:1-11
 19805 | Lair:5   | 19805 ||| DROPPING ring of flight.
 20158 | D:11     | Noticed Harold
 20159 | D:11     | 20159 ||| Stepping ~*~*~tactically~*~*~ (hiding).
 20174 | D:11     | Killed Harold
 20181 | D:11     | 20181 ||| Stepping ~*~*~tactically~*~*~ (stealth).
 20275 | D:11     | Reached skill level 6 in Dodging
 20307 | D:11     | Noticed Snorg
 20311 | D:11     | 20311 ||| INVOKING Berserk.
 20315 | D:11     | Killed Snorg
 20526 | D:11     | 20526 ||| Stepping ~*~*~tactically~*~*~ (water).
 20542 | D:11     | 20542 ||| Stepping ~*~*~tactically~*~*~ (water).
 20693 | D:11     | 20693 ||| Stepping ~*~*~tactically~*~*~ (water).
 20725 | D:11     | 20725 ||| INVOKING Berserk.
 20726 | D:11     | Received a gift from Trog
 20756 | D:11     | 20756 ||| Stepping ~*~*~tactically~*~*~ (stealth).
 20757 | D:11     | 20757 ||| Stepping ~*~*~tactically~*~*~ (stealth).
 20759 | D:11     | 20759 ||| Stepping ~*~*~tactically~*~*~ (stealth).
 20833 | D:11     | 20833 ||| Stepping ~*~*~tactically~*~*~ (stealth).
 20835 | D:11     | 20835 ||| INVOKING Brothers in Arms.
 20839 | D:11     | 20839 ||| INVOKING Berserk.
 20841 | D:11     | Reached skill level 16 in Armour
 20918 | D:11     | 20918 ||| Stepping ~*~*~tactically~*~*~ (stealth).
 20928 | D:11     | 20928 ||| Stepping ~*~*~tactically~*~*~ (hiding).
 21046 | D:11     | 21046 ||| DROPPING +3 antimagic war axe.
 21096 | D:11     | 21096 ||| Stepping ~*~*~tactically~*~*~ (hiding).
 21329 | D:11     | 21329 ||| INVOKING Brothers in Arms.
 21330 | D:11     | 21330 ||| INVOKING Berserk.
 21467 | D:11     | 21467 ||| PLANNING D
 21467 | D:11     | 21467 ||| DROPPING amulet of magic regeneration.
 21585 | D:12     | Noticed Azrael
 21586 | D:12     | 21586 ||| Stepping ~*~*~tactically~*~*~ (hiding).
 21587 | D:12     | 21587 ||| Stepping ~*~*~tactically~*~*~ (hiding).
 21596 | D:12     | 21596 ||| INVOKING Berserk.
 21603 | D:12     | Killed Azrael
 21851 | D:12     | 21851 ||| Stepping ~*~*~tactically~*~*~ (stealth).
 21880 | D:12     | 21880 ||| INVOKING Berserk.
 22067 | D:12     | Reached skill level 15 in Fighting
 22106 | D:12     | 22106 ||| FLEEEEING.
 22110 | D:12     | 22110 ||| FLEEEEING.
 22111 | D:12     | 22111 ||| FLEEEEING.
 22112 | D:12     | 22112 ||| FLEEEEING.
 22113 | D:12     | 22113 ||| FLEEEEING.
 22118 | D:12     | 22118 ||| FLEEEEING.
 22121 | D:12     | 22121 ||| FLEEEEING.
 22122 | D:12     | 22122 ||| FLEEEEING.
 22123 | D:12     | 22123 ||| FLEEEEING.
 22124 | D:12     | 22124 ||| FLEEEEING.
 22125 | D:12     | 22125 ||| FLEEEEING.
 22126 | D:12     | 22126 ||| FLEEEEING.
 22127 | D:12     | 22127 ||| FLEEEEING.
 22128 | D:12     | 22128 ||| FLEEEEING.
 22129 | D:12     | 22129 ||| FLEEEEING.
 22130 | D:12     | 22130 ||| FLEEEEING.
 22131 | D:12     | 22131 ||| FLEEEEING.
 22133 | D:12     | 22133 ||| FLEEEEING.
 22134 | D:12     | 22134 ||| FLEEEEING.
 22135 | D:12     | 22135 ||| FLEEEEING.
 22136 | D:12     | 22136 ||| FLEEEEING.
 22137 | D:12     | 22137 ||| FLEEEEING.
 22138 | D:12     | 22138 ||| FLEEEEING.
 22139 | D:12     | 22139 ||| FLEEEEING.
 22140 | D:12     | 22140 ||| FLEEEEING.
 22141 | D:12     | 22141 ||| FLEEEEING.
 22142 | D:12     | 22142 ||| FLEEEEING.
 22143 | D:12     | 22143 ||| FLEEEEING.
 22144 | D:12     | 22144 ||| FLEEEEING.
 22145 | D:12     | 22145 ||| FLEEEEING.
 22146 | D:12     | 22146 ||| FLEEEEING.
 22147 | D:12     | 22147 ||| FLEEEEING.
 22148 | D:12     | 22148 ||| FLEEEEING.
 22239 | D:12     | 22239 ||| INVOKING Berserk.
 22596 | D:12     | 22596 ||| DRINKING 2 orange potions.
 22597 | D:12     | 22597 ||| DROPPING potion of attraction.
 22679 | D:13     | 22679 ||| Stepping ~*~*~tactically~*~*~ (stealth).
 22680 | D:13     | 22680 ||| Stepping ~*~*~tactically~*~*~ (stealth).
 22691 | D:13     | Identified the +8 hand axe of Terra Nullius {vorpal, Contam
                  | *Corrode rC+++ Will++}
 22727 | D:13     | 22727 ||| INVOKING Berserk.
 22935 | D:13     | 22935 ||| Stepping ~*~*~tactically~*~*~ (stealth).
 23121 | D:13     | 23121 ||| INVOKING Brothers in Arms.
 23122 | D:13     | 23122 ||| SWAPPING to +1 vampiric demon whip.
 23123 | D:13     | 23123 ||| INVOKING Berserk.
 23130 | D:13     | 23130 ||| SWAPPING to +5 war axe of freezing.
 23278 | D:13     | 23278 ||| READING scroll of enchant weapon.
 23278 | D:13     | 23278 ||| ENCHANTING +5 war axe of freezing.
 23455 | D:14     | Reached skill level 17 in Armour
 23601 | D:14     | 23601 ||| FLEEEEING.
 23602 | D:14     | 23602 ||| FLEEEEING.
 23606 | D:14     | 23606 ||| FLEEEEING.
 23607 | D:14     | 23607 ||| FLEEEEING.
 23608 | D:14     | 23608 ||| FLEEEEING.
 23609 | D:14     | 23609 ||| FLEEEEING.
 23610 | D:14     | 23610 ||| FLEEEEING.
 23611 | D:14     | 23611 ||| FLEEEEING.
 23612 | D:14     | 23612 ||| FLEEEEING.
 23613 | D:14     | 23613 ||| FLEEEEING.
 23625 | D:14     | 23625 ||| INVOKING Berserk.
 23639 | D:14     | Reached skill level 15 in Shields
 23651 | D:14     | 23651 ||| INVOKING Trog's Hand.
 23653 | D:14     | 23653 ||| INVOKING Brothers in Arms.
 23654 | D:14     | 23654 ||| INVOKING Brothers in Arms.
 23655 | D:14     | 23655 ||| INVOKING Brothers in Arms.
 23656 | D:14     | 23656 ||| SWAPPING to +1 vampiric demon whip.
 23665 | D:14     | 23665 ||| SWAPPING to +6 war axe of freezing.
 23669 | D:14     | Reached XP level 15. HP: 124/141 MP: 14/14
 23731 | D:14     | 23731 ||| INVOKING Berserk.
 23940 | D:14     | 23940 ||| Stepping ~*~*~tactically~*~*~ (stealth).
 23942 | D:14     | 23942 ||| Stepping ~*~*~tactically~*~*~ (hiding).
 24254 | D:14     | 24254 ||| SWAPPING to +1 vampiric demon whip.
 24255 | D:14     | 24255 ||| Stepping ~*~*~tactically~*~*~ (stealth).
 24256 | D:14     | 24256 ||| INVOKING Berserk.
 24283 | D:14     | 24283 ||| SWAPPING to +6 war axe of freezing.
 24327 | D:14     | 24327 ||| Stepping ~*~*~tactically~*~*~ (stealth).
 24355 | D:14     | 24355 ||| INVOKING Berserk.
 24405 | D:14     | 24405 ||| Stepping ~*~*~tactically~*~*~ (cloud).
 24406 | D:14     | 24406 ||| Stepping ~*~*~tactically~*~*~ (cloud).
 24412 | D:14     | 24412 ||| Stepping ~*~*~tactically~*~*~ (cloud).
 24421 | D:14     | 24421 ||| FLEEEEING.
 24422 | D:14     | 24422 ||| FLEEEEING.
 24423 | D:14     | 24423 ||| FLEEEEING.
 24424 | D:14     | 24424 ||| STAIRDANCE
 24526 | D:14     | 24526 ||| Stepping ~*~*~tactically~*~*~ (hiding).
 24533 | D:14     | 24533 ||| INVOKING Trog's Hand.
 24635 | D:14     | Reached skill level 18 in Armour
 24681 | D:14     | 24681 ||| Stepping ~*~*~tactically~*~*~ (hiding).
 24682 | D:14     | 24682 ||| Stepping ~*~*~tactically~*~*~ (hiding).
 24729 | D:14     | 24729 ||| SWAPPING to +1 vampiric demon whip.
 24730 | D:14     | 24730 ||| INVOKING Berserk.
 24745 | D:14     | 24745 ||| SWAPPING to +6 war axe of freezing.
 24850 | D:14     | Found a gate to the Vaults.
 25072 | D:14     | 25072 ||| UPGRADING to amulet of the acrobat.
 25126 | D:15     | Entered Level 15 of the Dungeon
 25222 | D:15     | Identified the +0 scale mail of Incorporation {-Tele
                  | Rampage rCorr MP+9}
 25248 | D:15     | Found a staircase to the Depths.
 25262 | D:15     | 25262 ||| INVOKING Berserk.
 25369 | D:15     | 25369 ||| INVOKING Berserk.
 25520 | D:15     | 25520 ||| Stepping ~*~*~tactically~*~*~ (hiding).
 25527 | D:15     | 25527 ||| Stepping ~*~*~tactically~*~*~ (hiding).
 25532 | D:15     | 25532 ||| INVOKING Berserk.
 25691 | D:15     | 25691 ||| INVOKING Berserk.
 26019 | D:15     | Found Hara's Book Emporium.
 26023 | D:15     | 26023 ||| INVOKING Berserk.
 26205 | D:15     | Found an ornate altar of the Wu Jian Council.
 26286 | D:15     | 26286 ||| Stepping ~*~*~tactically~*~*~ (hiding).
 26348 | D:15     | 26348 ||| PLANNING ORC
 26512 | Orc:1    | Entered Level 1 of the Orcish Mines
 26514 | Orc:1    | 26514 ||| Stepping ~*~*~tactically~*~*~ (hiding).
 26515 | Orc:1    | 26515 ||| Stepping ~*~*~tactically~*~*~ (hiding).
 26516 | Orc:1    | 26516 ||| Stepping ~*~*~tactically~*~*~ (hiding).
 26518 | Orc:1    | 26518 ||| Stepping ~*~*~tactically~*~*~ (hiding).
 26687 | Orc:1    | 26687 ||| INVOKING Brothers in Arms.
 26715 | Orc:1    | 26715 ||| INVOKING Berserk.
 26861 | Orc:1    | 26861 ||| SWAPPING to +0 broad axe.
 26862 | Orc:1    | 26862 ||| DROPPING +6 war axe of freezing.
 26951 | Orc:2    | Entered Level 2 of the Orcish Mines
 26993 | Orc:2    | 26993 ||| Stepping ~*~*~tactically~*~*~ (hiding).
 26995 | Orc:2    | 26995 ||| INVOKING Brothers in Arms.
 27002 | Orc:2    | 27002 ||| INVOKING Berserk.
 27023 | Orc:2    | 27023 ||| INVOKING Brothers in Arms.
 27031 | Orc:2    | Found Hamug's Magic Scroll Emporium.
 27031 | Orc:2    | Found Gaomyog's Distillery.
 27040 | Orc:2    | Found Cehipp's Distillery.
 27052 | Orc:2    | 27052 ||| Stepping ~*~*~tactically~*~*~ (stealth).
 27053 | Orc:2    | 27053 ||| Stepping ~*~*~tactically~*~*~ (stealth).
 27107 | Orc:2    | 27107 ||| Stepping ~*~*~tactically~*~*~ (stealth).
 27110 | Orc:2    | 27110 ||| Stepping ~*~*~tactically~*~*~ (hiding).
 27122 | Orc:2    | 27122 ||| INVOKING Berserk.
 27167 | Orc:2    | 27167 ||| FLEEEEING.
 27284 | Orc:2    | 27284 ||| Stepping ~*~*~tactically~*~*~ (hiding).
 27331 | Orc:2    | Found Jefo's Antique Armour Shoppe.
 27337 | Orc:2    | 27337 ||| BUYING potion of curing (36 gold).
 27337 | Orc:2    | Bought a potion of curing for 36 gold pieces
 27337 | Orc:2    | 27337 ||| BUYING potion of curing (36 gold).
 27337 | Orc:2    | Bought a potion of curing for 36 gold pieces
 27337 | Orc:2    | 27337 ||| BUYING potion of haste (120 gold).
 27337 | Orc:2    | Bought a potion of haste for 120 gold pieces
 27337 | Orc:2    | 27337 ||| BUYING potion of heal wounds (60 gold).
 27337 | Orc:2    | Bought a potion of heal wounds for 60 gold pieces
 27337 | Orc:2    | 27337 ||| BUYING potion of resistance (120 gold).
 27337 | Orc:2    | Bought a potion of resistance for 120 gold pieces
 27338 | Orc:2    | 27338 ||| BUYING scroll of acquirement (572 gold).
 27338 | Orc:2    | Bought a scroll of acquirement for 572 gold pieces
 27338 | Orc:2    | 27338 ||| READING scroll of acquirement.
 27338 | Orc:2    | 27338 ||| ACQUIRING 899 gold pieces
 27338 | Orc:2    | Acquired 899 gold pieces
 27342 | Orc:2    | 27342 ||| BUYING cloak (108 gold).
 27342 | Orc:2    | Bought a cloak for 108 gold pieces
 27347 | Orc:2    | 27347 ||| BUYING 2 potions of heal wounds (140 gold).
 27347 | Orc:2    | Bought 2 potions of heal wounds for 140 gold pieces
 27347 | Orc:2    | 27347 ||| BUYING potion of mutation (112 gold).
 27347 | Orc:2    | Bought a potion of mutation for 112 gold pieces
 27376 | Orc:2    | Reached XP level 16. HP: 155/155 MP: 15/15
 27480 | Orc:2    | 27480 ||| Stepping ~*~*~tactically~*~*~ (stealth).
 27481 | Orc:2    | 27481 ||| Stepping ~*~*~tactically~*~*~ (stealth).
 27482 | Orc:2    | 27482 ||| Stepping ~*~*~tactically~*~*~ (stealth).
 27483 | Orc:2    | 27483 ||| Stepping ~*~*~tactically~*~*~ (stealth).
 27484 | Orc:2    | 27484 ||| Stepping ~*~*~tactically~*~*~ (stealth).
 27485 | Orc:2    | 27485 ||| Stepping ~*~*~tactically~*~*~ (stealth).
 27486 | Orc:2    | 27486 ||| Stepping ~*~*~tactically~*~*~ (stealth).
 27512 | Orc:2    | Found a staircase to the Elven Halls.
 27559 | Orc:2    | Found a burning altar of Makhleb.
 27781 | Orc:1    | 27781 ||| INVOKING Trog's Hand.
 27789 | Orc:1    | 27789 ||| INVOKING Berserk.
 27795 | Orc:1    | Received a gift from Trog
 28032 | Orc:1    | 28032 ||| DROPPING +2 war axe.
 28154 | Orc:1    | 28154 ||| PLANNING SNAKE:1-3
 28399 | Snake:1  | Entered Level 1 of the Snake Pit
 28477 | Snake:1  | 28477 ||| Stepping ~*~*~tactically~*~*~ (stealth).
 28561 | Snake:1  | 28561 ||| Stepping ~*~*~tactically~*~*~ (stealth).
 28614 | Snake:1  | 28614 ||| INVOKING Berserk.
 28793 | Snake:1  | Found Soroireg's Jewellery Boutique.
 28801 | Snake:1  | 28801 ||| BUYING +4 ring of evasion (648 gold).
 28801 | Snake:1  | Bought a +4 ring of evasion for 648 gold pieces
 28801 | Snake:1  | 28801 ||| BUYING +4 ring of protection (648 gold).
 28801 | Snake:1  | Bought a +4 ring of protection for 648 gold pieces
 28801 | Snake:1  | 28801 ||| BUYING amulet of reflection (540 gold).
 28801 | Snake:1  | Bought an amulet of reflection for 540 gold pieces
 28878 | Snake:1  | 28878 ||| Stepping ~*~*~tactically~*~*~ (hiding).
 28897 | Snake:1  | 28897 ||| Stepping ~*~*~tactically~*~*~ (hiding).
 28899 | Snake:1  | 28899 ||| Stepping ~*~*~tactically~*~*~ (hiding).
 28903 | Snake:1  | 28903 ||| Stepping ~*~*~tactically~*~*~ (hiding).
 29113 | Snake:1  | 29113 ||| READING scroll of enchant weapon.
 29113 | Snake:1  | 29113 ||| ENCHANTING +0 broad axe.
 29126 | Snake:1  | 29126 ||| Stepping ~*~*~tactically~*~*~ (stealth).
 29218 | Snake:1  | Reached skill level 18 in Axes
 29631 | Snake:1  | Found a large runed translucent door.
 29631 | Snake:1  | Found a large runed translucent door.
 29633 | Snake:1  | Noticed Romunoh's ghost (adept SpBr)
 29694 | Snake:1  | 29694 ||| UPGRADING to amulet of reflection.
 29704 | Snake:1  | 29704 ||| DROPPING amulet of the acrobat.
 29705 | Snake:1  | 29705 ||| DROPPING ring of willpower.
 29706 | Snake:1  | 29706 ||| UPGRADING to +4 ring of evasion.
 29708 | Snake:1  | 29708 ||| DROPPING ring of see invisible.
 29709 | Snake:1  | 29709 ||| DROPPING +6 ring of strength.
 29746 | Snake:2  | 29746 ||| INVOKING Berserk.
 29994 | Snake:2  | 29994 ||| Stepping ~*~*~tactically~*~*~ (hiding).
 30049 | Snake:2  | 30049 ||| Stepping ~*~*~tactically~*~*~ (stealth).
 30242 | Snake:2  | 30242 ||| Stepping ~*~*~tactically~*~*~ (hiding).
 30243 | Snake:2  | 30243 ||| Stepping ~*~*~tactically~*~*~ (hiding).
 30244 | Snake:2  | 30244 ||| Stepping ~*~*~tactically~*~*~ (hiding).
 30246 | Snake:2  | 30246 ||| Stepping ~*~*~tactically~*~*~ (hiding).
 30580 | Snake:2  | Reached skill level 19 in Armour
 30589 | Snake:2  | 30589 ||| Stepping ~*~*~tactically~*~*~ (hiding).
 30825 | Snake:2  | 30825 ||| Stepping ~*~*~tactically~*~*~ (hiding).
 30830 | Snake:2  | 30830 ||| INVOKING Berserk.
 31245 | Snake:2  | 31245 ||| Stepping ~*~*~tactically~*~*~ (hiding).
 31303 | Snake:2  | 31303 ||| DROPPING amulet of regeneration.
 31378 | Snake:3  | 31378 ||| Stepping ~*~*~tactically~*~*~ (hiding).
 31657 | Snake:3  | Reached skill level 18 in Fighting
 31675 | Snake:3  | 31675 ||| Stepping ~*~*~tactically~*~*~ (stealth).
 31677 | Snake:3  | 31677 ||| Stepping ~*~*~tactically~*~*~ (stealth).
 31715 | Snake:3  | 31715 ||| Stepping ~*~*~tactically~*~*~ (hiding).
 31768 | Snake:3  | 31768 ||| INVOKING Berserk.
 32004 | Snake:3  | 32004 ||| Stepping ~*~*~tactically~*~*~ (stealth).
 32005 | Snake:3  | 32005 ||| Stepping ~*~*~tactically~*~*~ (stealth).
 32015 | Snake:3  | 32015 ||| Stepping ~*~*~tactically~*~*~ (stealth).
 32035 | Snake:3  | Found Rafoef's Jewellery Shop.
 32163 | Snake:3  | 32163 ||| INVOKING Berserk.
 32267 | Snake:3  | 32267 ||| Stepping ~*~*~tactically~*~*~ (hiding).
 32272 | Snake:3  | 32272 ||| Stepping ~*~*~tactically~*~*~ (hiding).
 32284 | Snake:3  | 32284 ||| INVOKING Berserk.
 32682 | Snake:3  | 32682 ||| INVOKING Berserk.
 32686 | Snake:3  | Received a gift from Trog
 32786 | Snake:3  | 32786 ||| SWAPPING to +2 vorpal broad axe.
 32787 | Snake:3  | 32787 ||| DROPPING +1 broad axe.
 32932 | Snake:3  | 32932 ||| INVOKING Berserk.
 33084 | Snake:3  | 33084 ||| PLANNING SHOALS:1-3
 33186 | Shoals:1 | Entered Level 1 of the Shoals
 33242 | Shoals:1 | Identified Roxanne's Dissertation on Shapeshifting
 33242 | Shoals:1 | Noticed Roxanne
 33243 | Shoals:1 | 33243 ||| INVOKING Brothers in Arms.
 33244 | Shoals:1 | 33244 ||| INVOKING Berserk.
 33250 | Shoals:1 | Killed Roxanne
 33256 | Shoals:1 | Reached skill level 20 in Armour
 33344 | Shoals:1 | 33344 ||| INVOKING Berserk.
 33532 | Shoals:1 | 33532 ||| Stepping ~*~*~tactically~*~*~ (water).
 33615 | Shoals:1 | 33615 ||| Stepping ~*~*~tactically~*~*~ (hiding).
 33618 | Shoals:1 | 33618 ||| Stepping ~*~*~tactically~*~*~ (hiding).
 33723 | Shoals:1 | 33723 ||| INVOKING Berserk.
 34066 | Shoals:1 | 34066 ||| DROPPING amulet of faith.
 34067 | Shoals:1 | 34067 ||| DROPPING ring of protection from cold.
 34114 | Shoals:2 | Reached XP level 17. HP: 150/163 MP: 16/16
 34134 | Shoals:2 | 34134 ||| Stepping ~*~*~tactically~*~*~ (water).
 34187 | Shoals:2 | 34187 ||| INVOKING Brothers in Arms.
 34193 | Shoals:2 | 34193 ||| INVOKING Berserk.
 34489 | Shoals:2 | 34489 ||| Stepping ~*~*~tactically~*~*~ (stealth).
 34571 | Shoals:2 | Reached skill level 6 in Throwing
 34692 | Shoals:2 | Noticed a kraken
 34694 | Shoals:2 | 34694 ||| Stepping ~*~*~tactically~*~*~ (water).
 34706 | Shoals:2 | Killed a kraken
 34888 | Shoals:2 | 34888 ||| INVOKING Berserk.
 35026 | Shoals:2 | 35026 ||| INVOKING Trog's Hand.
 35030 | Shoals:2 | 35030 ||| INVOKING Berserk.
 35082 | Shoals:2 | 35082 ||| INVOKING Berserk.
 35156 | Shoals:2 | 35156 ||| INVOKING Trog's Hand.
 35212 | Shoals:2 | 35212 ||| Stepping ~*~*~tactically~*~*~ (hiding).
 35214 | Shoals:2 | 35214 ||| Stepping ~*~*~tactically~*~*~ (hiding).
 35226 | Shoals:2 | 35226 ||| Stepping ~*~*~tactically~*~*~ (hiding).
 35229 | Shoals:2 | 35229 ||| Stepping ~*~*~tactically~*~*~ (hiding).
 35409 | Shoals:2 | 35409 ||| DROPPING ring of resist corrosion.
 35445 | Shoals:3 | 35445 ||| INVOKING Trog's Hand.
 35452 | Shoals:3 | 35452 ||| INVOKING Berserk.
 35806 | Shoals:3 | 35806 ||| Stepping ~*~*~tactically~*~*~ (hiding).
 35807 | Shoals:3 | 35807 ||| Stepping ~*~*~tactically~*~*~ (hiding).
 35849 | Shoals:3 | 35849 ||| Stepping ~*~*~tactically~*~*~ (stealth).
 35861 | Shoals:3 | 35861 ||| INVOKING Berserk.
 35873 | Shoals:3 | 35873 ||| Stepping ~*~*~tactically~*~*~ (water).
 35874 | Shoals:3 | 35874 ||| Stepping ~*~*~tactically~*~*~ (water).
 35893 | Shoals:3 | 35893 ||| Stepping ~*~*~tactically~*~*~ (water).
 36242 | Shoals:3 | 36242 ||| Stepping ~*~*~tactically~*~*~ (hiding).
 36243 | Shoals:3 | 36243 ||| Stepping ~*~*~tactically~*~*~ (hiding).
 36247 | Shoals:3 | 36247 ||| INVOKING Berserk.
 36408 | Shoals:3 | 36408 ||| INVOKING Berserk.
 36624 | Shoals:3 | 36624 ||| INVOKING Berserk.
 36889 | Shoals:3 | 36889 ||| PLANNING SNAKE:4
 37076 | Snake:4  | Entered Level 4 of the Snake Pit
 37110 | Snake:4  | 37110 ||| INVOKING Berserk.
 37474 | Snake:4  | 37474 ||| Stepping ~*~*~tactically~*~*~ (hiding).
 37476 | Snake:4  | 37476 ||| Stepping ~*~*~tactically~*~*~ (hiding).
 37484 | Snake:4  | Reached skill level 9 in Throwing
 37490 | Snake:4  | 37490 ||| INVOKING Berserk.
 37682 | Snake:4  | 37682 ||| FLEEEEING.
 37683 | Snake:4  | 37683 ||| FLEEEEING.
 37684 | Snake:4  | 37684 ||| FLEEEEING.
 37685 | Snake:4  | 37685 ||| FLEEEEING.
 37686 | Snake:4  | 37686 ||| FLEEEEING.
 37687 | Snake:4  | 37687 ||| FLEEEEING.
 37688 | Snake:4  | 37688 ||| FLEEEEING.
 37689 | Snake:4  | 37689 ||| FLEEEEING.
 37690 | Snake:4  | 37690 ||| FLEEEEING.
 37691 | Snake:4  | 37691 ||| FLEEEEING.
 37812 | Snake:4  | 37812 ||| FLEEEEING.
 38009 | Snake:4  | Noticed Vashnia
 38017 | Snake:4  | 38017 ||| INVOKING Berserk.
 38024 | Snake:4  | Killed Vashnia
 38261 | Snake:4  | 38261 ||| Stepping ~*~*~tactically~*~*~ (hiding).
 38264 | Snake:4  | 38264 ||| Stepping ~*~*~tactically~*~*~ (hiding).
 38268 | Snake:4  | 38268 ||| INVOKING Berserk.
 38283 | Snake:4  | Noticed a quicksilver dragon
 38290 | Snake:4  | Killed a quicksilver dragon
 38296 | Snake:4  | 38296 ||| INVOKING Brothers in Arms.
 38297 | Snake:4  | 38297 ||| INVOKING Brothers in Arms.
 38299 | Snake:4  | Noticed a quicksilver dragon
 38309 | Snake:4  | Killed a quicksilver dragon
 38466 | Snake:4  | 38466 ||| INVOKING Berserk.
 38602 | Snake:4  | 38602 ||| Stepping ~*~*~tactically~*~*~ (stealth).
 38604 | Snake:4  | 38604 ||| Stepping ~*~*~tactically~*~*~ (stealth).
 38605 | Snake:4  | 38605 ||| Stepping ~*~*~tactically~*~*~ (stealth).
 38606 | Snake:4  | 38606 ||| Stepping ~*~*~tactically~*~*~ (stealth).
 38607 | Snake:4  | 38607 ||| Stepping ~*~*~tactically~*~*~ (hiding).
 38611 | Snake:4  | 38611 ||| Stepping ~*~*~tactically~*~*~ (hiding).
 38612 | Snake:4  | 38612 ||| Stepping ~*~*~tactically~*~*~ (hiding).
 38619 | Snake:4  | 38619 ||| INVOKING Berserk.
 38630 | Snake:4  | 38630 ||| FLEEEEING.
 38631 | Snake:4  | 38631 ||| FLEEEEING.
 38636 | Snake:4  | 38636 ||| FLEEEEING.
 38637 | Snake:4  | 38637 ||| FLEEEEING.
 38638 | Snake:4  | 38638 ||| Stepping ~*~*~tactically~*~*~ (hiding).
 38639 | Snake:4  | 38639 ||| Stepping ~*~*~tactically~*~*~ (hiding).
 38640 | Snake:4  | 38640 ||| INVOKING Brothers in Arms.
 38641 | Snake:4  | 38641 ||| INVOKING Brothers in Arms.
 38790 | Snake:4  | 38790 ||| Stepping ~*~*~tactically~*~*~ (hiding).
 38791 | Snake:4  | 38791 ||| INVOKING Berserk.
 38926 | Snake:4  | Got a serpentine rune of Zot
 38942 | Snake:4  | 38942 ||| INVOKING Berserk.
 38956 | Snake:4  | Reached XP level 18. HP: 176/176 MP: 17/17
 39010 | Snake:4  | 39010 ||| DROPPING +1 vampiric demon whip.
 39051 | Snake:4  | 39051 ||| Stepping ~*~*~tactically~*~*~ (hiding).
 39053 | Snake:4  | 39053 ||| Stepping ~*~*~tactically~*~*~ (hiding).
 39118 | Snake:4  | Found Ipperuis's Antique Armour Boutique.
 39124 | Snake:4  | 39124 ||| BUYING runed hat (252 gold).
 39124 | Snake:4  | Bought a runed hat for 252 gold pieces
 39147 | Snake:4  | 39147 ||| PLANNING VAULTS:1-4
 39147 | Snake:4  | 39147 ||| UPGRADING to +2 hat.
 39407 | Vaults:1 | Entered Level 1 of the Vaults
 39423 | Vaults:1 | Noticed Asterion
 39423 | Vaults:1 | 39423 ||| INVOKING Brothers in Arms.
 39424 | Vaults:1 | 39424 ||| INVOKING Berserk.
 39429 | Vaults:1 | Reached skill level 21 in Armour
 39433 | Vaults:1 | Killed Asterion
 39707 | Vaults:1 | 39707 ||| INVOKING Brothers in Arms.
 39708 | Vaults:1 | 39708 ||| INVOKING Berserk.
 39919 | Vaults:1 | 39919 ||| Stepping ~*~*~tactically~*~*~ (hiding).
 39938 | Vaults:1 | Received a gift from Trog
 40230 | Vaults:1 | 40230 ||| Stepping ~*~*~tactically~*~*~ (hiding).
 40231 | Vaults:1 | 40231 ||| Stepping ~*~*~tactically~*~*~ (hiding).
 40234 | Vaults:1 | 40234 ||| INVOKING Berserk.
 40235 | Vaults:1 | Noticed a lich
 40246 | Vaults:1 | 40246 ||| INVOKING Brothers in Arms.
 40264 | Vaults:1 | Killed a lich
 40265 | Vaults:1 | Reached skill level 9 in Dodging
 40517 | Vaults:1 | Found a radiant altar of Vehumet.
 40525 | Vaults:1 | Identified the +0 robe "Vusesit" {+Inv rPois rN++ Dex-4}
 40578 | Vaults:1 | 40578 ||| Stepping ~*~*~tactically~*~*~ (hiding).
 40579 | Vaults:1 | 40579 ||| Stepping ~*~*~tactically~*~*~ (hiding).
 40611 | Vaults:1 | 40611 ||| Stepping ~*~*~tactically~*~*~ (stealth).
 40612 | Vaults:1 | 40612 ||| Stepping ~*~*~tactically~*~*~ (stealth).
 40636 | Vaults:1 | 40636 ||| INVOKING Trog's Hand.
 40637 | Vaults:1 | 40637 ||| Stepping ~*~*~tactically~*~*~ (hiding).
 40638 | Vaults:1 | 40638 ||| Stepping ~*~*~tactically~*~*~ (stealth).
 40666 | Vaults:1 | 40666 ||| Stepping ~*~*~tactically~*~*~ (hiding).
 40668 | Vaults:1 | 40668 ||| Stepping ~*~*~tactically~*~*~ (hiding).
 40672 | Vaults:1 | 40672 ||| INVOKING Trog's Hand.
 40833 | Vaults:1 | 40833 ||| Stepping ~*~*~tactically~*~*~ (stealth).
 40835 | Vaults:1 | 40835 ||| Stepping ~*~*~tactically~*~*~ (hiding).
 40836 | Vaults:1 | 40836 ||| INVOKING Trog's Hand.
 41039 | Vaults:1 | 41039 ||| Stepping ~*~*~tactically~*~*~ (hiding).
 41041 | Vaults:1 | 41041 ||| DRINKING potion of resistance.
 41158 | Vaults:1 | 41158 ||| Stepping ~*~*~tactically~*~*~ (stealth).
 41161 | Vaults:1 | 41161 ||| Stepping ~*~*~tactically~*~*~ (hiding).
 41179 | Vaults:1 | Noticed Saint Roka
 41180 | Vaults:1 | 41180 ||| Stepping ~*~*~tactically~*~*~ (hiding).
 41197 | Vaults:1 | 41197 ||| INVOKING Berserk.
 41216 | Vaults:1 | Killed Saint Roka
 41711 | Vaults:1 | 41711 ||| DROPPING +0 tower shield.
 41712 | Vaults:1 | 41712 ||| UPGRADING to +2 hat of willpower.
 41722 | Vaults:1 | 41722 ||| DROPPING +2 hat.
 41723 | Vaults:1 | 41723 ||| DROPPING +1 hat.
 41724 | Vaults:1 | 41724 ||| DROPPING +2 hat.
 41725 | Vaults:1 | 41725 ||| DROPPING +1 hat.
 41726 | Vaults:1 | 41726 ||| UPGRADING to +2 hat of see invisible.
 41736 | Vaults:1 | 41736 ||| DROPPING +1 hat.
 41756 | Vaults:2 | 41756 ||| PLANNING DESOLATION
 41845 | Vaults:2 | 41845 ||| INVOKING Berserk.
 42021 | Vaults:2 | Found a crumbling gateway.
 42030 | Vaults:2 | 42030 ||| UPGRADING to +1 tower shield of positive energy.
 42040 | Vaults:2 | 42040 ||| READING 26 scrolls of identify.
 42040 | Vaults:2 | 42040 ||| IDENTIFYING cyan potion
 42041 | Vaults:2 | 42041 ||| DROPPING potion of invisibility.
 42047 | Desolati | Entered the Desolation of Salt
 42180 | Desolati | 42180 ||| Stepping ~*~*~tactically~*~*~ (hiding).
 42212 | Desolati | 42212 ||| Stepping ~*~*~tactically~*~*~ (stealth).
 42213 | Desolati | 42213 ||| Stepping ~*~*~tactically~*~*~ (stealth).
 42223 | Desolati | 42223 ||| Stepping ~*~*~tactically~*~*~ (hiding).
 42245 | Desolati | 42245 ||| Stepping ~*~*~tactically~*~*~ (stealth).
 42247 | Desolati | 42247 ||| Stepping ~*~*~tactically~*~*~ (stealth).
 42255 | Desolati | 42255 ||| Stepping ~*~*~tactically~*~*~ (stealth).
 42278 | Desolati | 42278 ||| INVOKING Berserk.
 42285 | Desolati | Reached skill level 18 in Shields
 42685 | Desolati | 42685 ||| INVOKING Brothers in Arms.
 42689 | Desolati | 42689 ||| INVOKING Berserk.
 42859 | Desolati | Identified the ring "Cyaps" {Fire Int+4}
 42861 | Desolati | Identified the amulet of the Priests {RegenMP Fly Str-2
                  | Dex-2 SInv}
 42923 | Desolati | 42923 ||| Stepping ~*~*~tactically~*~*~ (hiding).
 42924 | Desolati | 42924 ||| Stepping ~*~*~tactically~*~*~ (stealth).
 42931 | Desolati | 42931 ||| INVOKING Berserk.
 43170 | Desolati | Identified the ring of the Mutiny {rF++ AC+4 Int+3}
 43174 | Desolati | Identified the amulet "Toajuum" {Faith Will+}
 43182 | Desolati | Identified the +9 shortbow of Uvalyfo {flame, rF- Will+
                  | Str+4}
 43183 | Desolati | Identified the ring of Knowledge {rF+ rC+ EV+4}
 43245 | Desolati | Reached XP level 19. HP: 185/185 MP: 18/18
 43364 | Desolati | 43364 ||| Stepping ~*~*~tactically~*~*~ (hiding).
 43438 | Desolati | Received a gift from Trog
 43609 | Desolati | 43609 ||| Stepping ~*~*~tactically~*~*~ (stealth).
 43721 | Desolati | 43721 ||| DROPPING amulet "Toajuum" {Faith Will+}.
 43722 | Desolati | 43722 ||| DROPPING ring "Cyaps" {Fire Int+4}.
 43723 | Desolati | 43723 ||| DROPPING +4 ring of protection.
 43724 | Desolati | 43724 ||| DROPPING ring of magical power.
 43725 | Desolati | 43725 ||| UPGRADING to ring of the Mutiny {rF++ AC+4
                  | Int+3}.
 43727 | Desolati | 43727 ||| DROPPING ring of ice.
 43728 | Desolati | 43728 ||| UPGRADING to ring of Knowledge {rF+ rC+ EV+4}.
 43730 | Desolati | 43730 ||| DROPPING +4 ring of evasion.
 43731 | Desolati | 43731 ||| UPGRADING to ring of the Mutiny {rF++ AC+4
                  | Int+3}.
 43763 | Vaults:2 | 43763 ||| PLANNING VAULTS:1-4
 43763 | Vaults:2 | Identified the +1 leather armour of Irablih {Dex+8}
 43960 | Vaults:2 | 43960 ||| Stepping ~*~*~tactically~*~*~ (stealth).
 43963 | Vaults:2 | 43963 ||| Stepping ~*~*~tactically~*~*~ (stealth).
 43964 | Vaults:2 | 43964 ||| Stepping ~*~*~tactically~*~*~ (hiding).
 44030 | Vaults:2 | 44030 ||| INVOKING Berserk.
 44169 | Vaults:2 | 44169 ||| INVOKING Brothers in Arms.
 44173 | Vaults:2 | 44173 ||| INVOKING Berserk.
 44300 | Vaults:2 | 44300 ||| READING scroll of enchant weapon.
 44300 | Vaults:2 | 44300 ||| ENCHANTING +2 vorpal broad axe.
 44381 | Vaults:2 | 44381 ||| Stepping ~*~*~tactically~*~*~ (hiding).
 44384 | Vaults:2 | 44384 ||| Stepping ~*~*~tactically~*~*~ (hiding).
 44390 | Vaults:2 | 44390 ||| INVOKING Trog's Hand.
 44391 | Vaults:2 | 44391 ||| INVOKING Brothers in Arms.
 44401 | Vaults:2 | 44401 ||| INVOKING Berserk.
 44605 | Vaults:2 | 44605 ||| Stepping ~*~*~tactically~*~*~ (hiding).
 44624 | Vaults:2 | 44624 ||| Stepping ~*~*~tactically~*~*~ (stealth).
 44628 | Vaults:2 | 44628 ||| Stepping ~*~*~tactically~*~*~ (hiding).
 44640 | Vaults:2 | 44640 ||| INVOKING Trog's Hand.
 44641 | Vaults:2 | 44641 ||| INVOKING Berserk.
 44647 | Vaults:2 | Reached skill level 22 in Armour
 45002 | Vaults:2 | 45002 ||| INVOKING Trog's Hand.
 45006 | Vaults:2 | 45006 ||| Stepping ~*~*~tactically~*~*~ (stealth).
 45007 | Vaults:2 | 45007 ||| Stepping ~*~*~tactically~*~*~ (stealth).
 45148 | Vaults:2 | 45148 ||| DROPPING ring of protection from fire.
 45149 | Vaults:2 | 45149 ||| DROPPING +4 ring of slaying {mikee}.
 45238 | Vaults:3 | 45238 ||| FLEEEEING.
 45239 | Vaults:3 | 45239 ||| INVOKING Trog's Hand.
 45243 | Vaults:3 | 45243 ||| Stepping ~*~*~tactically~*~*~ (hiding).
 45254 | Vaults:3 | Reached skill level 21 in Shields
 45310 | Vaults:3 | 45310 ||| Stepping ~*~*~tactically~*~*~ (stealth).
 45315 | Vaults:3 | 45315 ||| Stepping ~*~*~tactically~*~*~ (hiding).
 45316 | Vaults:3 | 45316 ||| Stepping ~*~*~tactically~*~*~ (hiding).
 45430 | Vaults:3 | Found a staircase to the Crypt.
 45467 | Vaults:3 | 45467 ||| Stepping ~*~*~tactically~*~*~ (stealth).
 45471 | Vaults:3 | 45471 ||| Stepping ~*~*~tactically~*~*~ (stealth).
 45474 | Vaults:3 | 45474 ||| Stepping ~*~*~tactically~*~*~ (stealth).
 45502 | Vaults:3 | 45502 ||| Stepping ~*~*~tactically~*~*~ (hiding).
 45552 | Vaults:3 | 45552 ||| Stepping ~*~*~tactically~*~*~ (hiding).
 45554 | Vaults:3 | 45554 ||| Stepping ~*~*~tactically~*~*~ (hiding).
 45556 | Vaults:3 | 45556 ||| Stepping ~*~*~tactically~*~*~ (hiding).
 45602 | Vaults:3 | 45602 ||| Stepping ~*~*~tactically~*~*~ (stealth).
 45603 | Vaults:3 | 45603 ||| Stepping ~*~*~tactically~*~*~ (stealth).
 45616 | Vaults:3 | 45616 ||| INVOKING Trog's Hand.
 45646 | Vaults:3 | 45646 ||| FLEEEEING.
 45651 | Vaults:3 | 45651 ||| INVOKING Trog's Hand.
 45669 | Vaults:3 | 45669 ||| INVOKING Berserk.
 45674 | Vaults:3 | Reached skill level 23 in Armour
 45976 | Vaults:3 | 45976 ||| Stepping ~*~*~tactically~*~*~ (stealth).
 45977 | Vaults:3 | 45977 ||| Stepping ~*~*~tactically~*~*~ (stealth).
 45979 | Vaults:3 | 45979 ||| Stepping ~*~*~tactically~*~*~ (stealth).
 46004 | Vaults:3 | 46004 ||| Stepping ~*~*~tactically~*~*~ (stealth).
 46006 | Vaults:3 | 46006 ||| Stepping ~*~*~tactically~*~*~ (stealth).
 46007 | Vaults:3 | 46007 ||| Stepping ~*~*~tactically~*~*~ (stealth).
 46016 | Vaults:3 | 46016 ||| READING 11 scrolls of teleportation.
 46077 | Vaults:3 | 46077 ||| Stepping ~*~*~tactically~*~*~ (stealth).
 46079 | Vaults:3 | 46079 ||| INVOKING Trog's Hand.
 46273 | Vaults:3 | Reached XP level 20. HP: 195/195 MP: 19/19
 46284 | Vaults:3 | 46284 ||| INVOKING Brothers in Arms.
 46382 | Vaults:3 | Reached skill level 21 in Fighting
 46460 | Vaults:3 | 46460 ||| Stepping ~*~*~tactically~*~*~ (hiding).
 46462 | Vaults:3 | 46462 ||| Stepping ~*~*~tactically~*~*~ (hiding).
 46472 | Vaults:3 | 46472 ||| INVOKING Berserk.
 46714 | Vaults:3 | 46714 ||| Stepping ~*~*~tactically~*~*~ (hiding).
 46715 | Vaults:3 | 46715 ||| Stepping ~*~*~tactically~*~*~ (hiding).
 46798 | Vaults:3 | 46798 ||| INVOKING Trog's Hand.
 46848 | Vaults:3 | 46848 ||| Stepping ~*~*~tactically~*~*~ (stealth).
 46849 | Vaults:3 | 46849 ||| Stepping ~*~*~tactically~*~*~ (stealth).
 46850 | Vaults:3 | 46850 ||| Stepping ~*~*~tactically~*~*~ (stealth).
 46851 | Vaults:3 | 46851 ||| Stepping ~*~*~tactically~*~*~ (stealth).
 46915 | Vaults:3 | 46915 ||| Stepping ~*~*~tactically~*~*~ (hiding).
 47417 | Vaults:4 | 47417 ||| FLEEEEING.
 47418 | Vaults:4 | 47418 ||| FLEEEEING.
 47419 | Vaults:4 | 47419 ||| FLEEEEING.
 47420 | Vaults:4 | 47420 ||| FLEEEEING.
 47422 | Vaults:4 | 47422 ||| FLEEEEING.
 47423 | Vaults:4 | 47423 ||| FLEEEEING.
 47431 | Vaults:4 | 47431 ||| FLEEEEING.
 47431 | Vaults:4 | Identified the +10 falchion "Diafuj" {spect, rElec rPois
                  | Str+2 Dex+2}
 47432 | Vaults:4 | 47432 ||| Stepping ~*~*~tactically~*~*~ (hiding).
 47433 | Vaults:4 | 47433 ||| FLEEEEING.
 47434 | Vaults:4 | 47434 ||| INVOKING Trog's Hand.
 47601 | Vaults:4 | 47601 ||| Stepping ~*~*~tactically~*~*~ (stealth).
 47617 | Vaults:4 | Reached skill level 24 in Armour
 47679 | Vaults:4 | 47679 ||| Stepping ~*~*~tactically~*~*~ (stealth).
 47681 | Vaults:4 | 47681 ||| Stepping ~*~*~tactically~*~*~ (stealth).
 47683 | Vaults:4 | 47683 ||| Stepping ~*~*~tactically~*~*~ (hiding).
 47700 | Vaults:4 | 47700 ||| Stepping ~*~*~tactically~*~*~ (hiding).
 47719 | Vaults:4 | 47719 ||| INVOKING Trog's Hand.
 47751 | Vaults:4 | 47751 ||| Stepping ~*~*~tactically~*~*~ (stealth).
 47752 | Vaults:4 | 47752 ||| Stepping ~*~*~tactically~*~*~ (stealth).
 47797 | Vaults:4 | 47797 ||| Stepping ~*~*~tactically~*~*~ (hiding).
 48058 | Vaults:4 | Found a runed translucent door.
 48058 | Vaults:4 | Noticed royokou's ghost (veteran MiFi)
 48073 | Vaults:4 | 48073 ||| Stepping ~*~*~tactically~*~*~ (hiding).
 48074 | Vaults:4 | 48074 ||| Stepping ~*~*~tactically~*~*~ (hiding).
 48081 | Vaults:4 | Received a gift from Trog
 48214 | Vaults:4 | 48214 ||| Stepping ~*~*~tactically~*~*~ (stealth).
 48228 | Vaults:4 | 48228 ||| INVOKING Berserk.
 48433 | Vaults:4 | 48433 ||| Stepping ~*~*~tactically~*~*~ (stealth).
 48498 | Vaults:4 | 48498 ||| Stepping ~*~*~tactically~*~*~ (hiding).
 48499 | Vaults:4 | 48499 ||| Stepping ~*~*~tactically~*~*~ (hiding).
 48582 | Vaults:4 | 48582 ||| Stepping ~*~*~tactically~*~*~ (hiding).
 48583 | Vaults:4 | 48583 ||| Stepping ~*~*~tactically~*~*~ (hiding).
 48586 | Vaults:4 | 48586 ||| INVOKING Trog's Hand.
 48936 | Vaults:4 | 48936 ||| PLANNING SHOALS:4
 49328 | Shoals:4 | Entered Level 4 of the Shoals
 49364 | Shoals:4 | 49364 ||| READING scroll of acquirement.
 49364 | Shoals:4 | 49364 ||| ACQUIRING +9 war axe of the Burning Dragonfly
                  | {protect, rElec Str+3 SInv}
 49364 | Shoals:4 | Acquired the +9 war axe of the Burning Dragonfly {protect,
                  | rElec Str+3 SInv}
 49366 | Shoals:4 | 49366 ||| SWAPPING to +9 war axe of the Burning Dragonfly
                  | {protect, rElec Str+3 SInv}.
 49367 | Shoals:4 | 49367 ||| DROPPING +3 vorpal broad axe.
 49371 | Shoals:4 | 49371 ||| Stepping ~*~*~tactically~*~*~ (stealth).
 49372 | Shoals:4 | 49372 ||| Stepping ~*~*~tactically~*~*~ (hiding).
 49464 | Shoals:4 | 49464 ||| INVOKING Trog's Hand.
 49561 | Shoals:4 | 49561 ||| Stepping ~*~*~tactically~*~*~ (hiding).
 49600 | Shoals:4 | 49600 ||| Stepping ~*~*~tactically~*~*~ (water).
 49804 | Shoals:4 | Got a barnacled rune of Zot
 49826 | Shoals:4 | Found Seytinid's Antique Weapon Shop.
 49826 | Shoals:4 | Noticed Nikola
 49827 | Shoals:4 | 49827 ||| Stepping ~*~*~tactically~*~*~ (hiding).
 49845 | Shoals:4 | Noticed Mlioglotl
 49847 | Shoals:4 | Killed Nikola
 49860 | Shoals:4 | Killed Mlioglotl
 49970 | Shoals:4 | Received a gift from Trog
 50085 | Shoals:4 | Found Piavvis's Self-Improvement Boutique.
 50359 | Shoals:4 | 50359 ||| Stepping ~*~*~tactically~*~*~ (hiding).
 50362 | Shoals:4 | 50362 ||| Stepping ~*~*~tactically~*~*~ (hiding).
 50363 | Shoals:4 | 50363 ||| Stepping ~*~*~tactically~*~*~ (stealth).
 50400 | Shoals:4 | Noticed Polyphemus
 50433 | Shoals:4 | Killed Polyphemus
 50434 | Shoals:4 | 50434 ||| FLEEEEING.
 50435 | Shoals:4 | 50435 ||| FLEEEEING.
 50436 | Shoals:4 | 50436 ||| FLEEEEING.
 50437 | Shoals:4 | 50437 ||| FLEEEEING.
 50438 | Shoals:4 | 50438 ||| FLEEEEING.
 50443 | Shoals:4 | 50443 ||| STAIRDANCE
 50525 | Shoals:3 | 50525 ||| UPGRADING to +2 hat of willpower.
 50535 | Shoals:3 | 50535 ||| DROPPING ring of poison resistance.
 50570 | Shoals:4 | 50570 ||| PLANNING DEPTHS
 50814 | Depths:1 | Entered Level 1 of the Depths
 50890 | Depths:1 | Found Jieshiop's Changing Room.
 50902 | Depths:1 | 50902 ||| BUYING potion of mutation (184 gold).
 50902 | Depths:1 | Bought a potion of mutation for 184 gold pieces
 50960 | Depths:1 | Found a gateway to Hell.
 51088 | Depths:1 | Noticed Mara
 51089 | Depths:1 | 51089 ||| INVOKING Brothers in Arms.
 51090 | Depths:1 | 51090 ||| INVOKING Berserk.
 51095 | Depths:1 | Noticed qw's illusion
 51095 | Depths:1 | Killed Mara
 51113 | Depths:1 | Reached skill level 25 in Armour
 51319 | Depths:1 | Found a runed translucent door.
 51350 | Depths:1 | 51350 ||| Stepping ~*~*~tactically~*~*~ (hiding).
 51352 | Depths:1 | 51352 ||| Stepping ~*~*~tactically~*~*~ (hiding).
 51360 | Depths:1 | Reached XP level 21. HP: 202/207 MP: 20/20
 51375 | Depths:1 | 51375 ||| Stepping ~*~*~tactically~*~*~ (hiding).
 51384 | Depths:1 | 51384 ||| Stepping ~*~*~tactically~*~*~ (hiding).
 51396 | Depths:1 | 51396 ||| Stepping ~*~*~tactically~*~*~ (hiding).
 51422 | Depths:1 | Noticed the Enchantress
 51423 | Depths:1 | 51423 ||| INVOKING Trog's Hand.
 51424 | Depths:1 | 51424 ||| INVOKING Brothers in Arms.
 51425 | Depths:1 | 51425 ||| INVOKING Berserk.
 51442 | Depths:1 | Killed the Enchantress
 51469 | Depths:1 | 51469 ||| INVOKING Brothers in Arms.
 51525 | Depths:1 | 51525 ||| Stepping ~*~*~tactically~*~*~ (stealth).
 51633 | Depths:1 | 51633 ||| Stepping ~*~*~tactically~*~*~ (stealth).
 52133 | Depths:2 | 52133 ||| INVOKING Brothers in Arms.
 52139 | Depths:2 | 52139 ||| INVOKING Berserk.
 52166 | Depths:2 | 52166 ||| FLEEEEING.
 52167 | Depths:2 | 52167 ||| FLEEEEING.
 52168 | Depths:2 | 52168 ||| STAIRDANCE
 52326 | Depths:2 | 52326 ||| STAIRDANCE
 52422 | Depths:2 | 52422 ||| Stepping ~*~*~tactically~*~*~ (stealth).
 52424 | Depths:2 | 52424 ||| Stepping ~*~*~tactically~*~*~ (stealth).
 52460 | Depths:2 | 52460 ||| Stepping ~*~*~tactically~*~*~ (hiding).
 52516 | Depths:2 | Found a sacrificial altar of Ru.
 52608 | Depths:2 | 52608 ||| INVOKING Brothers in Arms.
 52611 | Depths:2 | 52611 ||| INVOKING Berserk.
 52630 | Depths:2 | 52630 ||| FLEEEEING.
 52631 | Depths:2 | 52631 ||| FLEEEEING.
 52632 | Depths:2 | 52632 ||| STAIRDANCE
 52826 | Depths:2 | 52826 ||| INVOKING Berserk.
 52975 | Depths:2 | 52975 ||| Stepping ~*~*~tactically~*~*~ (hiding).
 52981 | Depths:2 | Noticed a golden dragon
 52982 | Depths:2 | 52982 ||| INVOKING Brothers in Arms.
 52984 | Depths:2 | 52984 ||| INVOKING Trog's Hand.
 52986 | Depths:2 | Noticed a caustic shrike
 52988 | Depths:2 | 52988 ||| INVOKING Berserk.
 53002 | Depths:2 | Killed a caustic shrike
 53007 | Depths:2 | Killed a golden dragon
 53149 | Depths:2 | Identified the ring "Gyameuty" {Ice rElec}
 53151 | Depths:2 | Identified the +0 robe of Daisies {Drain rN+ Dex+3}
 53193 | Depths:2 | 53193 ||| Stepping ~*~*~tactically~*~*~ (hiding).
 53225 | Depths:2 | 53225 ||| Stepping ~*~*~tactically~*~*~ (stealth).
 53234 | Depths:2 | 53234 ||| Stepping ~*~*~tactically~*~*~ (hiding).
 53389 | Depths:2 | 53389 ||| Stepping ~*~*~tactically~*~*~ (hiding).
 53404 | Depths:2 | 53404 ||| INVOKING Berserk.
 53413 | Depths:2 | 53413 ||| Stepping ~*~*~tactically~*~*~ (stealth).
 53414 | Depths:2 | 53414 ||| Stepping ~*~*~tactically~*~*~ (hiding).
 53421 | Depths:2 | HP: 52/211 [poisoned by an orange demon]
 53422 | Depths:2 | 53422 ||| READING 12 scrolls of teleportation.
 53423 | Depths:2 | 53423 ||| DRINKING 13 potions of heal wounds.
 53423 | Depths:2 | Found a one-way gate leading to the halls of Pandemonium.
 53793 | Depths:2 | 53793 ||| INVOKING Trog's Hand.
 53872 | Depths:2 | 53872 ||| Stepping ~*~*~tactically~*~*~ (stealth).
 53878 | Depths:2 | 53878 ||| Stepping ~*~*~tactically~*~*~ (stealth).
 54078 | Depths:2 | 54078 ||| Stepping ~*~*~tactically~*~*~ (hiding).
 54248 | Depths:2 | 54248 ||| DROPPING +2 pair of boots of stealth.
 54249 | Depths:2 | 54249 ||| DROPPING ring "Gyameuty" {Ice rElec}.
 54313 | Depths:3 | Found a one-way gateway to a ziggurat.
 54313 | Depths:3 | Noticed a golden dragon
 54315 | Depths:3 | 54315 ||| INVOKING Berserk.
 54321 | Depths:3 | Killed a golden dragon
 54481 | Depths:3 | 54481 ||| Stepping ~*~*~tactically~*~*~ (hiding).
 54518 | Depths:3 | 54518 ||| INVOKING Berserk.
 54770 | Depths:3 | Found a one-way gate to the infinite horrors of the Abyss.
 54804 | Depths:3 | 54804 ||| INVOKING Berserk.
 55103 | Depths:3 | 55103 ||| FLEEEEING.
 55104 | Depths:3 | 55104 ||| FLEEEEING.
 55105 | Depths:3 | 55105 ||| FLEEEEING.
 55111 | Depths:3 | 55111 ||| FLEEEEING.
 55112 | Depths:3 | 55112 ||| FLEEEEING.
 55113 | Depths:3 | 55113 ||| FLEEEEING.
 55118 | Depths:3 | 55118 ||| FLEEEEING.
 55119 | Depths:3 | 55119 ||| FLEEEEING.
 55120 | Depths:3 | 55120 ||| FLEEEEING.
 55123 | Depths:3 | 55123 ||| FLEEEEING.
 55126 | Depths:3 | 55126 ||| FLEEEEING.
 55131 | Depths:3 | 55131 ||| FLEEEEING.
 55132 | Depths:3 | 55132 ||| FLEEEEING.
 55133 | Depths:3 | 55133 ||| FLEEEEING.
 55135 | Depths:3 | 55135 ||| FLEEEEING.
 55136 | Depths:3 | 55136 ||| FLEEEEING.
 55138 | Depths:3 | 55138 ||| FLEEEEING.
 55365 | Depths:3 | Noticed a golden dragon
 55366 | Depths:3 | 55366 ||| Stepping ~*~*~tactically~*~*~ (hiding).
 55368 | Depths:3 | 55368 ||| Stepping ~*~*~tactically~*~*~ (hiding).
 55372 | Depths:3 | 55372 ||| INVOKING Brothers in Arms.
 55373 | Depths:3 | 55373 ||| INVOKING Brothers in Arms.
 55374 | Depths:3 | 55374 ||| INVOKING Berserk.
 55379 | Depths:3 | Killed a golden dragon
 55393 | Depths:3 | 55393 ||| INVOKING Trog's Hand.
 55393 | Depths:3 | Noticed Mennas
 55422 | Depths:3 | 55422 ||| INVOKING Berserk.
 55438 | Depths:3 | Killed Mennas
 55620 | Depths:3 | 55620 ||| FLEEEEING.
 55621 | Depths:3 | 55621 ||| FLEEEEING.
 55622 | Depths:3 | 55622 ||| FLEEEEING.
 55623 | Depths:3 | 55623 ||| FLEEEEING.
 55642 | Depths:3 | Reached skill level 26 in Armour
 55646 | Depths:3 | 55646 ||| Stepping ~*~*~tactically~*~*~ (hiding).
 55675 | Depths:3 | 55675 ||| FLEEEEING.
 55680 | Depths:3 | 55680 ||| Stepping ~*~*~tactically~*~*~ (hiding).
 55682 | Depths:3 | 55682 ||| Stepping ~*~*~tactically~*~*~ (hiding).
 55855 | Depths:3 | Found a radiant altar of Vehumet.
 56011 | Depths:3 | 56011 ||| FLEEEEING.
 56012 | Depths:3 | 56012 ||| FLEEEEING.
 56013 | Depths:3 | 56013 ||| FLEEEEING.
 56017 | Depths:3 | 56017 ||| FLEEEEING.
 56018 | Depths:3 | 56018 ||| FLEEEEING.
 56019 | Depths:3 | 56019 ||| FLEEEEING.
 56021 | Depths:3 | 56021 ||| FLEEEEING.
 56022 | Depths:3 | 56022 ||| FLEEEEING.
 56023 | Depths:3 | 56023 ||| FLEEEEING.
 56024 | Depths:3 | 56024 ||| FLEEEEING.
 56101 | Depths:3 | 56101 ||| Stepping ~*~*~tactically~*~*~ (stealth).
 56103 | Depths:3 | 56103 ||| Stepping ~*~*~tactically~*~*~ (hiding).
 56134 | Depths:3 | 56134 ||| Stepping ~*~*~tactically~*~*~ (stealth).
 56447 | Depths:3 | 56447 ||| Stepping ~*~*~tactically~*~*~ (hiding).
 56611 | Depths:4 | Entered Level 4 of the Depths
 56620 | Depths:4 | 56620 ||| INVOKING Trog's Hand.
 56621 | Depths:4 | 56621 ||| INVOKING Brothers in Arms.
 56626 | Depths:4 | 56626 ||| INVOKING Berserk.
 56740 | Depths:4 | Found Lehitay's Magic Scroll Emporium.
 56752 | Depths:4 | 56752 ||| BUYING scroll of enchant weapon (120 gold).
 56752 | Depths:4 | Bought a scroll of enchant weapon for 120 gold pieces
 56752 | Depths:4 | 56752 ||| BUYING scroll of enchant weapon (120 gold).
 56752 | Depths:4 | Bought a scroll of enchant weapon for 120 gold pieces
 56752 | Depths:4 | 56752 ||| BUYING scroll of teleportation (48 gold).
 56752 | Depths:4 | Bought a scroll of teleportation for 48 gold pieces
 56763 | Depths:4 | Noticed Boris
 56765 | Depths:4 | 56765 ||| INVOKING Berserk.
 56775 | Depths:4 | Reached skill level 24 in Fighting
 56778 | Depths:4 | Killed Boris
 56801 | Depths:4 | Reached XP level 22. HP: 181/223 MP: 21/21
 56924 | Depths:4 | 56924 ||| INVOKING Trog's Hand.
 56951 | Depths:4 | Paralysed by a floating eye for 3 turns
 56955 | Depths:4 | 56955 ||| INVOKING Berserk.
 56978 | Depths:4 | 56978 ||| Stepping ~*~*~tactically~*~*~ (stealth).
 57007 | Depths:4 | 57007 ||| FLEEEEING.
 57091 | Depths:4 | Found a gate to the Realm of Zot.
 57092 | Depths:4 | 57092 ||| INVOKING Berserk.
 57381 | Depths:4 | 57381 ||| INVOKING Berserk.
 57503 | Depths:4 | Found Hiamil's Weapon Boutique.
 57550 | Depths:4 | 57550 ||| Stepping ~*~*~tactically~*~*~ (stealth).
 57558 | Depths:4 | 57558 ||| Stepping ~*~*~tactically~*~*~ (stealth).
 57654 | Depths:4 | 57654 ||| Stepping ~*~*~tactically~*~*~ (stealth).
 57673 | Depths:4 | 57673 ||| Stepping ~*~*~tactically~*~*~ (hiding).
 57711 | Depths:4 | Found a broken altar of Ashenzari.
 57755 | Depths:4 | 57755 ||| INVOKING Brothers in Arms.
 57756 | Depths:4 | 57756 ||| INVOKING Berserk.
 57863 | Depths:4 | 57863 ||| Stepping ~*~*~tactically~*~*~ (water).
 57933 | Depths:4 | 57933 ||| INVOKING Trog's Hand.
 57978 | Depths:4 | Found Cety Myc's General Store.
 57981 | Depths:4 | 57981 ||| BUYING potion of heal wounds (100 gold).
 57981 | Depths:4 | Bought a potion of heal wounds for 100 gold pieces
 57981 | Depths:4 | 57981 ||| BUYING scroll of teleportation (60 gold).
 57981 | Depths:4 | Bought a scroll of teleportation for 60 gold pieces
 58063 | Depths:4 | 58063 ||| Stepping ~*~*~tactically~*~*~ (hiding).
 58187 | Depths:4 | 58187 ||| Stepping ~*~*~tactically~*~*~ (stealth).
 58189 | Depths:4 | Found Lon Rituoc's Magic Scroll Boutique.
 58190 | Depths:4 | 58190 ||| Stepping ~*~*~tactically~*~*~ (stealth).
 58203 | Depths:4 | 58203 ||| BUYING scroll of brand weapon (190 gold).
 58203 | Depths:4 | Bought a scroll of brand weapon for 190 gold pieces
 58203 | Depths:4 | 58203 ||| BUYING scroll of enchant armour (150 gold).
 58203 | Depths:4 | Bought a scroll of enchant armour for 150 gold pieces
 58203 | Depths:4 | 58203 ||| BUYING scroll of teleportation (60 gold).
 58203 | Depths:4 | Bought a scroll of teleportation for 60 gold pieces
 58377 | Depths:4 | 58377 ||| PLANNING VAULTS:5
 58657 | Vaults:5 | Entered Level 5 of the Vaults
 58659 | Vaults:5 | 58659 ||| STAIRDANCE
 58798 | Vaults:5 | 58798 ||| STAIRDANCE
 58906 | Vaults:5 | 58906 ||| INVOKING Trog's Hand.
 58907 | Vaults:5 | 58907 ||| INVOKING Brothers in Arms.
 58908 | Vaults:5 | 58908 ||| INVOKING Berserk.
 58934 | Vaults:5 | Received a gift from Trog
 58941 | Vaults:5 | 58941 ||| STAIRDANCE
 59102 | Vaults:5 | 59102 ||| STAIRDANCE
 59104 | Vaults:4 | 59104 ||| INVOKING Trog's Hand.
 59105 | Vaults:4 | 59105 ||| INVOKING Brothers in Arms.
 59106 | Vaults:4 | 59106 ||| INVOKING Berserk.
 59256 | Vaults:5 | 59256 ||| STAIRDANCE
 59329 | Vaults:5 | 59329 ||| STAIRDANCE
 59407 | Vaults:5 | 59407 ||| STAIRDANCE
 59458 | Vaults:5 | 59458 ||| STAIRDANCE
 59533 | Vaults:5 | Paralysed by an ogre mage for 5 turns
 59538 | Vaults:5 | 59538 ||| STAIRDANCE
 59539 | Vaults:5 | 59539 ||| INVOKING Trog's Hand.
 59540 | Vaults:5 | 59540 ||| INVOKING Brothers in Arms.
 59541 | Vaults:5 | 59541 ||| INVOKING Brothers in Arms.
 59542 | Vaults:5 | 59542 ||| INVOKING Berserk.
 59549 | Vaults:5 | Noticed a golden dragon
 59551 | Vaults:5 | Reached skill level 27 in Armour
 59561 | Vaults:5 | HP: 84/339 [titan/bolt of lightning (15)]
 59569 | Vaults:5 | HP: 70/331 [shadow dragon/bolt of negative energy (15)]
 59573 | Vaults:5 | Killed a golden dragon
 59573 | Vaults:5 | HP: 28/327 [shadow dragon/bolt of negative energy (9)]
 59574 | Vaults:5 | HP: 12/331 [vault warden/+3 glaive (7)]
 59578 | Vaults:5 | Killed from afar by a titan

Levels and vault maps discovered:
D:1:      lemuel_arrival_muddy, layout_basic
D:2:      layout_rooms, dreamdust_ecumenical_altar_grove, minivault_11
D:3:      layout_loops_ring, minivault_25
D:4:      layout_basic, mainiacjoe_overflow_six_doors_small, serial_shops,
          nicolae_shop_overgrown_old_shop, nicolae_take_the_stairs, shop, shop,
          shop, corexii_leaking_fountain, hex_tiny, grunt_ministairs_4,
          kennysheep_nub, uniq_pikel
D:5:      layout_rooms, kennysheep_mini_moat, serial_shops, nicolae_shop_stone
D:6:      layout_basic, gammafunk_temple_overflow_arena, jmf_multi_god_temple,
          minmay_temple_entry_drinking_statues, uniq_eustachio, uniq_maggie,
          uniq_blork_the_orc
D:7:      layout_loops_cross, lightli_temple_of_fire,
          mainiacjoe_overflow_small_starburst, dancing_weapons_uskayaw,
          nrook_mini_vaults
D:8:      layout_layer_cave
D:9:      layout_big_octagon, tso_altar, grunt_qazlal_sundering,
          general_overflow_altar, mainiacjoe_overflow_catwalk, billiards_dpeg,
          uniq_grum
D:10:     layout_gridville, due_lair_maze_entry_diamond,
          kennysheep_orc_monster_closet_entryway, nicolae_stop_n_shop_2,
          minmay_lindwurm_lava
D:11:     lemuel_castle_with_subvaults [lemuel_castle_interior_carwin_2],
          layout_irregular_city, uniq_snorg, uniq_harold
D:12:     layout_irregular_city, uniq_azrael
D:13:     layout_roguey
D:14:     layout_basic, skrybe_vaults_entry_preservation,
          chequers_serial_rivers_micro_d, minmay_fractal_squares_5
D:15:     gammafunk_depths_entry_grave, layout_loops_ring, serial_shops, shop,
          pdpol_wu_jian_five_deadly_venoms
Lair:1:   layout_layer_cave, portal_ice_cave_demonic_guard,
          nicolae_volcano_entry_lava_flow, infiniplex_staircase_pool_2
Lair:2:   layout_cave_shapes, minmay_shoals_entry_beasts
Lair:3:   layout_gridlike, dummy_snake_entry, beast_lair_carwin_5
Lair:4:   layout_misc_corridors, slime_entry_1
Lair:5:   minmay_lair_end_enchanted_forest, layout_loops_ring, st_stairs_4,
          chequers_serial_rivers_large_a, lemuel_fruit_fields,
          serial_bayou_shore_a
Shoals:1: layout_shoals, uniq_roxanne
Shoals:2: layout_shoals
Shoals:3: layout_shoals
Shoals:4: shoals_end_grunt_ice, layout_shoals, serial_shops,
          nicolae_shop_waterfront, nicolae_shop_self_help, uniq_polyphemus,
          uniq_nikola, uniq_mlioglotl
Snake:1:  layout_gridlike, ebering_ghost_disaster_area,
          minmay_shop_enchanted_jewellery, st_stairs_10, serial_bayou_pond_b,
          nicolae_snake_gridmaze_big_u
Snake:2:  layout_onion
Snake:3:  layout_grid_maze, serial_shops, shop
Snake:4:  hellmonk_snake_rune_quicksilver_temple, layout_cave_town,
          serial_shops, nicolae_shop_overgrown_old_shop, uniq_vashnia
Orc:1:    layout_caves, minmay_orc_temple_c
Orc:2:    st_orc_rangers, layout_caves, basic_altar, sword_in_stone
Vaults:1: vaults_room_octagon, grunt_tower_of_power,
          vaults_room_grunt_arrival_checkpoint, ontoclasm_vaults_ring_square,
          vaults_mumra_chevron, ontoclasm_vaults_chip, vaults_room_corners,
          ontoclasm_vaults_chip, ontoclasm_vaults_chip,
          vaults_room_stairs_pillars, layout_vaults_omnigrid, uniq_asterion,
          uniq_saint_roka
Vaults:2: portal_desolation_entry_twin_temple, ontoclasm_vaults_fault,
          hangedman_vaults_nails, vaults_room_large_hall, st_lattice,
          nicolae_vaults_yaktaur_gun_rack, nicolae_vaults_three_branches,
          nicolae_vaults_little_squares_2, nicolae_vaults_diagonal_hallway_7,
          layout_vaults_chaotic_city
Vaults:3: minmay_crypt_entry_simple_sparse, hangedman_vaults_impose,
          vaults_room_door_ring, vaults_dpeg_hooks, ontoclasm_vaults_chip,
          grunt_vaults_hallway_long, nicolae_vaults_border_crossing,
          ontoclasm_vaults_eye, hangedman_vaults_stretched_pinwheel,
          nicolae_vaults_network_quinsquares
          [nicolae_vaults_network_quincunx_subvault,
          nicolae_vaults_network_quincunx_subvault,
          nicolae_vaults_network_quincunx_subvault,
          nicolae_vaults_network_quincunx_subvault], v_misc_11,
          vaults_room_stairs_pillars, vaults_dpeg_spiral, ontoclasm_vaults_chip,
          serial_ice_h, layout_vaults_omnicross
Vaults:4: ebering_ghost_inner_flame, grunt_vaults_funnel, v_rooms_1,
          nicolae_vaults_little_squares_3, hangedman_vaults_nails,
          vaults_room_pools, v_pattern_2, nicolae_vaults_hallways_thing,
          v_misc_3, v_misc_19, vaults_room_door_ring, ontoclasm_vaults_pinch,
          layout_vaults_omnibox
Vaults:5
Depths:1: layout_honeycomb, hangedman_coc_ice_floe, nicolae_transmutations_shop,
          minmay_crystal_box, uniq_enchantress, uniq_mara
Depths:2: minmay_shrinking_squares, layout_gridlike, rand_demon_pan_entry_5,
          hell_entry, hangedman_decor_opposing, nicolae_ru_sacrificial_ziggurat
Depths:3: minmay_polygon_palace, layout_basic, ziggurat_fallback, hell_entry,
          rand_demon_pan_entry_8, abyss_entry, nicolae_vehumet_altar_sigil,
          uniq_mennas
Depths:4: grunt_x_marks_the_spot, layout_cave_shapes,
          nicolae_ashenzari_panopticon, serial_shops, nicolae_shop_trees,
          nicolae_shop_behind_doors, shop, shop, serial_bayou,
          serial_bayou_crossing, serial_bayou_pond_b, serial_bayou_lagoon_b,
          serial_bayou_ford_a, hell_entry, grunt_ministairs_15, uniq_boris

Skill      XL: |  1  2  3  4  5  6  7  8  9 10 11 12 13 14 15 16 17 18 19 20 21 22 |
---------------+-------------------------------------------------------------------+-----
Axes           | 4 5 6 7 8 11 13 15 16 18 | 18.4
Armour         | 3 8 9 10 13 15 17 18 20 21 23 25 26 27 | 27.0
Fighting       | 4 6 8 9 11 13 15 17 18 19 20 22 24 25 | 25.5
Throwing       | 1 3 4 10 11 | 11.0
Dodging        | 3 4 5 6 7 8 9 10 11 | 11.0
Shields        | 10 12 13 15 16 17 19 21 22 | 22.1

Action                   |  1- 3 |  4- 6 |  7- 9 | 10-12 | 13-15 | 16-18 | 19-21 | 22-24 || total
-------------------------+-------+-------+-------+-------+-------+-------+-------+-------++-------
Melee: Hand axe          |    95 |    66 |   189 |       |       |       |       |       ||   350
       Headbutt          |    13 |     9 |    46 |   104 |   188 |   325 |   436 |    91 ||  1212
       Punch             |     1 |       |     3 |     3 |       |       |       |       ||     7
       War axe           |       |       |   111 |   452 |   900 |       |   930 |   284 ||  2677
       Demon whip        |       |       |       |     3 |    45 |       |       |       ||    48
       Broad axe         |       |       |       |       |    76 |  1410 |   653 |       ||  2139
Throw: Boomerang         |       |       |       |    60 |   123 |    67 |   125 |    25 ||   400
       Javelin           |       |       |       |       |       |    39 |    14 |       ||    53
Invok: Berserk           |     2 |     1 |    10 |    13 |    32 |    37 |    21 |     7 ||   123
       Brothers in Arms  |       |       |       |     1 |    10 |     8 |    11 |     4 ||    34
       Trog's Hand       |       |       |       |       |     2 |     7 |    17 |     5 ||    31
  Use: Scroll            |     4 |     6 |    11 |    11 |     5 |     2 |     4 |       ||    43
       Potion            |       |     1 |     1 |     1 |     1 |     1 |     1 |       ||     6
 Stab: Petrified         |       |       |       |       |     7 |       |       |       ||     7
       Distracted        |       |       |       |       |       |     1 |       |       ||     1
Armor: Plate armour      |    39 |     1 |       |       |       |       |       |       ||    40
       Animal skin       |     3 |       |       |       |       |       |       |       ||     3
       Crystal plate arm |       |    42 |   230 |   311 |   453 |   440 |   506 |   257 ||  2239
Dodge: Dodged            |    40 |    13 |    75 |   123 |   239 |   355 |   330 |   129 ||  1304
       Repelled          |       |       |       |       |     4 |    27 |     5 |     2 ||    38
Block: Kite shield       |       |       |       |   152 |   819 |  1163 |       |       ||  2134
       Reflection        |       |       |       |       |       |   102 |    35 |     8 ||   145
       Tower shield      |       |       |       |       |       |   194 |  1596 |   406 ||  2196

Table legend:
 A = Non-vault XP
 B = Vault XP
 C = Vault XP percentage of total XP
 D = Non-vault monster count
 E = Vault monster count
 F = Vault count percentage of total count
                 A         B        C        D         E       F
            +---------+---------+-------+---------+---------+-------
      Total |  432394 |  369379 |  46.1 |    1050 |     661 |  38.6
            +---------+---------+-------+---------+---------+-------
        D:1 |      47 |       0 |   0.0 |      20 |       0 |   0.0
        D:2 |      52 |       0 |   0.0 |      23 |       0 |   0.0
        D:3 |      42 |       0 |   0.0 |      11 |       0 |   0.0
        D:4 |     161 |     688 |  81.0 |      10 |       3 |  23.1
        D:5 |     856 |       0 |   0.0 |      29 |       0 |   0.0
        D:6 |    1542 |     819 |  34.7 |      28 |       5 |  15.2
        D:7 |    1371 |       0 |   0.0 |      44 |       0 |   0.0
        D:8 |    1210 |       0 |   0.0 |      30 |       0 |   0.0
        D:9 |    2765 |     616 |  18.2 |      20 |       6 |  23.1
       D:10 |     607 |    2558 |  80.8 |      10 |      28 |  73.7
       D:11 |    2401 |   10383 |  81.2 |       9 |      51 |  85.0
       D:12 |    5262 |    1874 |  26.3 |      19 |       6 |  24.0
       D:13 |    5701 |       0 |   0.0 |      18 |       0 |   0.0
       D:14 |   20218 |   10902 |  35.0 |      48 |      16 |  25.0
       D:15 |   12133 |    4854 |  28.6 |      30 |       8 |  21.1
     Lair:1 |   10549 |     718 |   6.4 |      32 |       2 |   5.9
     Lair:2 |    9475 |     773 |   7.5 |      24 |       2 |   7.7
     Lair:3 |    3571 |     893 |  20.0 |      15 |       6 |  28.6
     Lair:4 |    5033 |       0 |   0.0 |      23 |       0 |   0.0
     Lair:5 |   13501 |   10162 |  42.9 |      40 |      44 |  52.4
   Shoals:1 |   10910 |    1375 |  11.2 |      20 |       1 |   4.8
   Shoals:2 |   20198 |       0 |   0.0 |      35 |       0 |   0.0
   Shoals:3 |   14838 |       0 |   0.0 |      30 |       0 |   0.0
   Shoals:4 |    5703 |   30100 |  84.1 |      10 |      40 |  80.0
    Snake:1 |    5342 |    4664 |  46.6 |      10 |       9 |  47.4
    Snake:2 |   13854 |       0 |   0.0 |      29 |       0 |   0.0
    Snake:3 |   22326 |       0 |   0.0 |      41 |       0 |   0.0
    Snake:4 |   19728 |   22823 |  53.6 |      39 |      24 |  38.1
      Orc:1 |    3054 |    2267 |  42.6 |      36 |      27 |  42.9
      Orc:2 |    2726 |    7006 |  72.0 |      23 |      45 |  66.2
   Vaults:1 |   21309 |   21208 |  49.9 |      31 |      31 |  50.0
   Vaults:2 |   22777 |   12271 |  35.0 |      31 |      15 |  32.6
   Vaults:3 |   42210 |   25268 |  37.4 |      58 |      36 |  38.3
   Vaults:4 |   24632 |   28552 |  53.7 |      35 |      43 |  55.1
   Vaults:5 |    7882 |   39314 |  83.3 |      10 |      35 |  77.8
   Depths:1 |   29973 |   13708 |  31.4 |      40 |      12 |  23.1
   Depths:2 |   23177 |   10104 |  30.4 |      27 |       9 |  25.0
   Depths:3 |   25146 |   25168 |  50.0 |      28 |      24 |  46.2
   Depths:4 |   20112 |   29678 |  59.6 |      34 |      25 |  42.4
 Desolation |       0 |   50633 | 100.0 |       0 |     108 | 100.0
            +---------+---------+-------+---------+---------+-------
